Workbook
Name Area_2: #REF!
Name Area_2: #REF!
Name Area_2: #REF!
Name Area_2: #REF!
Name Area_2: #REF!
Name Area_2: #REF!
Name Area_2: #REF!
Name Area_2: #REF!
Name Area_2: #REF!
Name Area_2: #REF!
Name aREA1: #REF!
Name aREA1: #REF!
Name aREA1: #REF!
Name aREA1: #REF!
Name aREA1: #REF!
Name aREA1: #REF!
Name aREA1: #REF!
Name aREA1: #REF!
Name aREA1: #REF!
Name aREA1: #REF!
Name area2: #REF!
Name area2: #REF!
Name area2: #REF!
Name area2: #REF!
Name area2: #REF!
Name area2: #REF!
Name area2: #REF!
Name area2: #REF!
Name area2: #REF!
Name area2: #REF!
Name Area3: #REF!
Name Area3: #REF!
Name Area3: #REF!
Name Area3: #REF!
Name Area3: #REF!
Name Area3: #REF!
Name Area3: #REF!
Name Area3: #REF!
Name Area3: #REF!
Name Area3: #REF!
Name Area4: #REF!
Name Area4: #REF!
Name Area4: #REF!
Name Area4: #REF!
Name Area4: #REF!
Name Area4: #REF!
Name Area4: #REF!
Name Area4: #REF!
Name Area4: #REF!
Name Area4: #REF!
Name ASGAREAEXTERNA: #REF!
Name DGJDFGJF: #REF!
Name Excel_BuiltIn_Print_Area: #REF!
Name Excel_BuiltIn_Print_Area: #REF!
Name Excel_BuiltIn_Print_Area: #REF!
Name Excel_BuiltIn_Print_Area: #REF!
Name Excel_BuiltIn_Print_Area: #REF!
Name Excel_BuiltIn_Print_Area: #REF!
Name Excel_BuiltIn_Print_Area: #REF!
Name Excel_BuiltIn_Print_Area: #REF!

Sheet Vigilante 12x36 Diurno
A1: ANEXO II - PLANILHA DE COMPOSIÇÃO DE CUSTOS
A2: PLANILHA DE CUSTOS E FORMAÇÕES DE PREÇOS
B4: Processo nº: 6948/2025
B5: Licitação nº: 03/2025
B6: Empresa:
A8: DISCRIMINAÇÃO DOS SERVIÇOS (DADOS REFERENTES À CONTRATAÇÃO) | K8: MEMÓRIA DE CÁLCULO
A10: A | B10: Data de apresentação da proposta (dia/mês/ano) | G10: - | K10: Informar a Data da Apresentação da Proposta
A11: B | B11: Município/ UF | G11: Mangaratiba- RJ | K11: Informar o Município e UF
A12: C | B12: Ano Acordo, Convenção ou Sentença Normativa em Dissídio Coletivo | G12: CCT - 2026 | K12: Informar qual CCT Base e Ano
A13: D | B13: Nº de meses de execução contratual | G13: 12 | K13: Informar Nº de Meses da Execução Contratual de Acordo com o Termo de Referência
A15: IDENTIFICAÇÃO DO SERVIÇO
A16: 1 | B16: Unidade de medida | H16: Serviço | K16: Informar a Unidade de Medida de Acordo com o Termo de Referência
A17: 2 | B17: Quantidade total a contratar (em função da unidade de medida): | K17: Informar a Quantidade a Contratar de Acordo com o Termo de Referência
A18: 1 | B18: Cargo: | C18: VIGILANTE | K18: Informar o Cargo a ser Preenchido
A20: MÃO-DE-OBRA
A22: MÃO-DE-OBRA VINCULADA À EXECUÇÃO CONTRATUAL
A23: Dados complementares para composição dos custos referente à mão-de-obra
A24: 1 | B24: Tipo do serviço | H24: =C18 -> VIGILANTE | K24: Informar o Tipo de Serviço
A25: 2 | B25: Classificação Brasileira de Ocupações (CBO) | H25: 5173-30 | K25: Informar o CBO da Ocupação
A26: 3 | B26: Salário Normativo da Categoria Profissional | H26: 2034.15 | K26: Informar o Salário Normativo contido na CCT
A27: 4 | B27: Categoria profissional | H27: 2.5.7 | K27: Informar a Categoria Profissional
A28: 5 | B28: Data base da categoria | H28: 2024/2025 | K28: Informar a Data Base da Categoria
A30: MÓDULO 01: COMPOSIÇÃO DA REMUNERAÇÃO
A31: 1 | B31: Composição da remuneração | H31: Valor (R$)
A32: A | B32: Salário base | H32: =H26 -> 2034.15 | J32: =((H32/(H26/220))) -> 220 | K32: Salário Base contido na CCT ou qualquer outro valor acima deste
A33: B | B33: Adicional de periculosidade | D33: Sim/Não | E33: S | H33: =IF(E33="N",0,H32*0.3) -> 610.25 | K33: Cálculo = Se Houver Adicional - Marcar S (Campo E33) para o cálculo Salario Base (Campo H32) * 30% ser gerado no Campo H33
A34: C | B34: Adicional de insalubridade | D34: Sim/Não | E34: N | F34: 0.2 | H34: =IF(E34="N",0,F34*H32) -> 0 | K34: Cálculo = Se Houver Adicional - Marcar S (Campo E34) para o cálculo Salario Mínimo ou Regional (campo F33) x Percentual de 10%, 20% ou 40% dependendo do grau de insalubridade (campo G33) ser gerado no Campo H34
A35: D | B35: Adicional noturno
A36: E | B36: Hora noturna adicional - ou hora noturna reduzida
A37: F | B37: Adicional de hora extra no feriado
A38: G | B38: Outros (especificar)
A39: TOTAL DA REMUNERAÇÃO | H39: =SUM(H32:I38) -> 2644.4 | K39: Soma dos Itens A a G
A41: MÓDULO 02: ENCARGOS E BENEFÍCIOS ANUAIS, MENSAIS E DIÁRIOS
A42: Submódulo 2.1 - 13º (décimo terceiro) salário e adicional de férias
A43: 2.1 | B43: 13º salário e adicional de férias | H43: (%) | I43: Valor (R$)
A44: A | B44: 13º salário ( art. 7º, VIII, CF/88; Leis 4.090/1962 e 4.749/1962; Decreto 57.155/1965) | H44: =1/12 -> 0.0833 | I44: =H44*H39 -> 220.28 | K44: Cálculo = 1/12 (Campo H43) x Total da Remuneração (Campo H38)
A45: B | B45: Férias e Adicional de Férias ( Art. 7º, XVII, CF/88; Art. 129 a 153 da CLT; art. 214 § 4º do Decreto nº 3.048/99, Art. 28 § 9º, 245 alínea “d” da Lei nº 8.212/91, art. 134 e 137 da CLT) | H45: =(1/12)+(1/3/12) -> 0.1111 | I45: =H45*H39 -> 293.79 | K45: Cálculo = 1/12 (Campo H43) + 1/3/12 (Campo H43) x Total da Remuneração (Campo H38)
A46: C | B46: Incidência do submódulo 2.2 sobre o 13º Salário, Férias e Adicional de Férias ( Decreto nº 3.048/99 – Regulamento da Previdência Social) | H46: =(H44+H45)*H59 -> 0.0715 | I46: =H46*H39 -> 189.07 | K46: Cálculo = Percentuais dos Campos H43 e H44 x Total do Submódulo 2.2 (Campo H58) x Total ds Remuneração (Campo H38)
A47: TOTAL | H47: =SUM(I44:I46) -> 703.14 | K47: Soma dos Itens A a C
A49: Submódulo 2.2 - Encargos previdenciários (GPS), Fundo de Garantia por Tempo de Serviço (FGTS) e outras contribuições
A50: 2.2 | B50: GPS, FGTS e outras contribuições | H50: (%) | I50: Valor (R$)
A51: A | B51: INSS ( Lei nº 8.212/91) | H51: 0.2 | I51: =H51*$H$39 -> 528.88 | K51: Cálculo = Percentual Legal de 20% (Campo H50) x Total da Remuneração (Campo H38)
A52: B | B52: Salário Educação ( Lei nº 9.424, de 24 de dezembro de 1996) | H52: 0.025 | I52: =H52*$H$39 -> 66.11 | K52: Cálculo = Percentual Legal de 2,50% (Campo H51) x Total da Remuneração (Campo H38)
A53: C | B53: Seguro Acidente do Trabalho (RATxFAP) ( Decreto nº 3.048/99 – Regulamento da Previdência Social) | D53: RAT | E53: 3 | F53: FAT | G53: 1 | H53: =E53*G53/100 -> 0.03 | I53: =H53*$H$39 -> 79.33 | K53: Cálculo = Multiplicção dos Fatores RAT x FAT - Valor que poderá ser no máximo de 3% (Campo H52) x Total da Remuneração (Campo H38)
A54: D | B54: SESC ou SESI (Decretos-Lei 9.403/1946 (Sesi), 9.853/1946 (Sesc)) | H54: 0.015 | I54: =H54*$H$39 -> 39.67 | K54: Cálculo = Percentual Legal de 1,50% (Campo H53) x Total da Remuneração (Campo H38)
A55: E | B55: SENAI ou SENAC (Decretos-Lei 4.048/1942 (Senai), 8.621/1946 (Senac)) | H55: 0.01 | I55: =H55*$H$39 -> 26.44 | K55: Cálculo = Percentual Legal de 1,00% (Campo H54) x Total da Remuneração (Campo H38)
A56: F | B56: SEBRAE (Decreto nº 99.570 de 09 de outubro de 1990) | H56: 0.006 | I56: =H56*$H$39 -> 15.87 | K56: Cálculo = Percentual Legal de 0,60% (Campo H54) x Total da Remuneração (Campo H38)
A57: G | B57: INCRA ( Decreto-Lei nº 1.110, de 9 de julho de 1970) | H57: 0.002 | I57: =H57*$H$39 -> 5.29 | K57: Cálculo = Percentual Legal de 0,20% (Campo H54) x Total da Remuneração (Campo H38)
A58: H | B58: FGTS ( art. 15 da Lei 8.036/90) | H58: 0.08 | I58: =H58*$H$39 -> 211.55 | K58: Cálculo = Percentual Legal de 8,00% (Campo H54) x Total da Remuneração (Campo H38)
A59: TOTAL | H59: =SUM(H51:H58) -> 0.368 | I59: =SUM(I51:I58) -> 973.14 | K59: Soma dos Itens A a H
A61: Submódulo 2.3 - Benefícios Mensais e Diários
A62: 2.3 | B62: Benefícios Mensais e Diários | H62: Valor (R$)
A63: A | B63: Transporte ( Lei n.º 7.619, de 30 de setembro de 1987) | C63: SIM/NÃO | D63: Valor | E63: Passagens | F63: Dias | G63: Desconto | H63: =IF(C64="N",0,(D64*E64*F64)-G64) -> 567.95 | K63: Caso não seja previsto Auxílio Transporte, marcar a opção "N" no Campo C63
C64: S | D64: 15 | E64: 2 | F64: 23 | G64: =H32*0.06 -> 122.05 | H64: =IF(H63>=0,H63,0) -> 567.95 | K64: Cálculo = Valor Unitário da Passagem (Campo D63) x Quant. (Campo E63) x Total de Dias (Campo F63) - Desconto (6% do Total da Remuneração - Campo G63)
A65: B | B65: Auxílio-Refeição/Alimentação (CCT) | D65: SIM/NÃO | E65: Valor | F65: Dias | G65: Desconto | H65: =IF(D66="N",0,(E66*F66)-G66) -> 828 | K65: Caso não seja previsto Auxílio Alimentaçõ/Refeição, marcar a opção "N" no Campo D65
D66: SIM/NÃO | E66: 40 | F66: 23 | G66: =E66*F66*10% -> 92 | K66: Cálculo = Valor Unitário do Vale (Campo E65) x Total de Dias (Campo F65) - Desconto (verificar se há ou não desconto na CCT e aplicar)
A67: C | B67: Seguro de vida, invalidez e funeral (CCT) | H67: 120 | K67: Inserir o valor por funcionário no campo H66 se houver previsão na CCT
A68: D | B68: Auxílio-Saúde - Plano de Assist. Médica (CCT 2024/2025RJ) | H68: 0 | K68: Cálculo = Valor Diário do Café (Campo AI68) * Dias (Campo F66)
A69: E | B69: Benefício Social Familiar (CCT 2024/2025RJ) | H69: 0
A70: F | B70: Auxílio-Saúde - Plano de Assist. Odontológica (CCT 2024/2025RJ) | H70: 0
A71: TOTAL | H71: =SUM(H63:I70) -> 2083.9 | K71: Soma dos Itens A a E
A73: QUADRO RESUMO DO MÓDULO 2 - ENCARGOS E BENEFÍCIOS ANUAIS, MENSAIS E DIÁRIOS
A75: 2 | B75: Encargos e Benefícios Anuais, Mensais e Diários | H75: Valor (R$)
A76: 2.1 | B76: 13º (décimo terceiro) Salário e Adicional de Férias | H76: =H47 -> 703.14 | K76: Soma do Total do Módulo 2.1 extraída do Campo H46
A77: 2.2 | B77: GPS, FGTS e outras contribuições | H77: =I59 -> 973.14 | K77: Soma do Total do Módulo 2.2 extraída do Campo I58
A78: 2.3 | B78: Benefícios Mensais e Diários | H78: =H71 -> 2083.9 | K78: Soma do Total do Módulo 2.3 extraída do Campo H68
A79: TOTAL | H79: =SUM(H76:I78) -> 3760.18 | K79: Soma dos Itens 2.1 + 2.2 + 2.3
A81: MÓDULO 03: PROVISÃO PARA RESCISÃO
A82: 3 | B82: Provisão para Rescisão | H82: (%) | I82: Valor (R$)
A83: A | B83: Aviso Prévio Indenizado ( art. 487,§ 1º da CLT) | H83: =(1/12) -> 0.0833 | I83: =H83*$H$39 -> 220.28 | K83: Cálculo = Percentual de 1/12 (Campo H80) x Total da Remuneração (Campo H38)
A84: B | B84: Incidência do FGTS sobre o Aviso Prévio Indenizado ( art. 15, da Lei8.036/90) | H84: =H83*8% -> 0.0067 | I84: =H84*$H$39 -> 17.72 | K84: Cálculo = Percentual de 8% x 0,42% do APT (Campo H81) x Total da Remuneração (Campo H38)
A85: C | B85: Multa do FGTS e contribuição social sobre o Aviso Prévio Indenizado ( Lei n. 13.932/2019) | H85: =(((1+(2/12)+((1/3)*(1/12)))*0.08*0.4*0.9)) -> 0.0344 | I85: =H85*$H$39 -> 90.97 | K85: Cálculo = [1 + 12/ 2 + (1/ 3 × 12/ 1 ) ] × 0,08 × 0,4 × 0,9
A86: D | B86: Aviso Prévio Trabalhado ( art. 487,§ 1º da CLT) | H86: 0.0194 | I86: =H86*$H$39 -> 51.3 | K86: Cálculo = ((1/30)*7)/12 = Percentual de 1,94% (Campo H83) x Total da Remuneração (Campo H38)
A87: E | B87: Incidência dos encargos do submódulo 2.2 sobre o Aviso Prévio Trabalhado | H87: =H86*H59 -> 0.0071 | I87: =H87*$H$39 -> 18.78 | K87: Cálculo = Percentual do Submódulo 2.2 (Campo H58) x Percentual do Aviso Prévio Trabalhado (H83) x Total da Remuneração (Campo H38)
A88: F | B88: Multa do FGTS e contribuição social sobre o Aviso Prévio Trabalhado ( Lei n. 13.932/2019) | H88: =H86*0.08*0.4 -> 0.0006 | I88: =H88*$H$39 -> 1.59 | K88: Cálculo = 1,94%*8%*40%
A89: TOTAL | H89: =SUM(I83:I88) -> 400.64 | K89: Soma dos Itens A a F
A91: MÓDULO 04: CUSTO DE REPOSIÇÃO DO PROFISSIONAL AUSENTE
A92: Submódulo 4.1 - Ausências Legais
A93: 4.1 | B93: Substituto nas Ausências Legais | H93: (%) | I93: Valor (R$)
A94: A | B94: Substituto na Cobertura das Ferias ( Art. 7º , inciso XVII, da CLT. Art. 129 e 130 da CLT, ) | H94: =1/12 -> 0.0833 | I94: =H94*H39 -> 220.28 | K94: Cálculo = 1/12 (Campo H43) x Total da Remuneração (Campo H38)
A95: B | B95: Substituto na Cobertura das ausência por doença ( Art.131 , inciso III, da CLT. Art. 476 da CLT, ) | H95: 0.0166 | I95: =H95*$H$39 -> 43.9 | K95: Cálculo = (5,96/30)/12*100=1,66%
A96: C | B96: Substituto na Cobertura de Afastamento paternidade ( Art. 82 e 473 da CLT) | H96: =(5/30/12)*0.015 -> 0.0002 | I96: =H96*$H$39 -> 0.53 | K96: Cálculo = (5/30/12)*0,015
A97: D | B97: Substituto na Cobertura das Ausências por Acidente de Trabalho ( Art. 27 do Dec. 89312/84) | H97: =(1/12)*(0.0178) -> 0.0015 | I97: =H97*$H$39 -> 3.97 | K97: Cálculo = (1/12)*0,0178
A98: E | B98: Substituto na Cobertura de Afastamento Maternidade ( Art. 7º inc. XVIII, CF) | H98: =11.11%*5.28%*50% -> 0.0029 | I98: =H98*$H$39 -> 7.67 | K98: Cálculo = 11,11%*5,28%*50%
A99: F | B99: Substituto na Cobertura de Ausências legais ( Art. 7º, inciso XIX da CF) | H99: =(1/30/12) -> 0.0028 | I99: =H99*$H$39 -> 7.4 | K99: Cálculo= 1/30/12
A100: TOTAL | H100: =SUM(H95:H99) -> 0.024 | I100: =SUM(I94:I99) -> 283.75 | K100: Soma dos Itens A a F
A102: Submódulo 4.2 - Intrajornada
A103: 4.2 | B103: Substituto na Intrajornada | H103: (%) | I103: Valor (R$)
A104: A | B104: Substituto no Intervalo para Repouso ou Alimentação | I104: =(H32+H33+H34)*H104 -> 0
A105: TOTAL | H105: =SUM(I101:I104) -> 0
A107: QUADRO RESUMO DO MÓDULO 4 - CUSTO DE REPOSIÇÃO DO PROFISSIONAL AUSENTE
A108: 4 | B108: Encargos e Benefícios Anuais, Mensais e Diários | H108: Valor (R$)
A109: 4.1 | B109: Substituto nas Ausência Legais | H109: =I100 -> 283.75 | K109: Soma Total do Submódulo 4.1 extraída do Campo H99
A110: 4.2 | B110: Substituto na Intrajornada | H110: =H105 -> 0 | K110: Soma Total do Submódulo 4.2 extraída do Campo H105
A111: TOTAL | H111: =SUM(H109:I110) -> 283.75
A113: MÓDULO 05: INSUMOS DIVERSOS
A114: 5 | B114: Insumos Diversos | H114: Valor (R$)
A115: A | B115: Uniformes (custo mensal por empregado) | H115: =UNIFORMES!F17 -> 308.82 | K115: Cálculo = Conforme valor na planilha UNIFORMES
A116: B | B116: Materiais (custo mensal por empregado) | H116: 0 | K116: Cálculo = Se Houver, calcular o valor total dividir pela quantidade de meses do contrato, utilizando uma memória de cálculo em outra planilha
A117: C | B117: Equipamentos (custo mensal por empregado) | H117: =EQUIPAMENTOS!F13 -> 80 | K117: Cálculo = Se Houver, calcular o valor total dividir pela quantidade de meses do contrato, utilizando uma memória de cálculo em outra planilha
...

Sheet Vigilante 12x36 Noturno
A1: ANEXO II - PLANILHA DE COMPOSIÇÃO DE CUSTOS
A2: PLANILHA DE CUSTOS E FORMAÇÕES DE PREÇOS
B4: Processo nº: 6948/2025
B5: Licitação nº: 03/2025
B6: Empresa:
A8: DISCRIMINAÇÃO DOS SERVIÇOS (DADOS REFERENTES À CONTRATAÇÃO) | K8: MEMÓRIA DE CÁLCULO
A10: A | B10: Data de apresentação da proposta (dia/mês/ano) | G10: - | K10: Informar a Data da Apresentação da Proposta
A11: B | B11: Município/ UF | G11: Mangaratiba- RJ | K11: Informar o Município e UF
A12: C | B12: Ano Acordo, Convenção ou Sentença Normativa em Dissídio Coletivo | G12: CCT - 2026 | K12: Informar qual CCT Base e Ano
A13: D | B13: Nº de meses de execução contratual | G13: 12 | K13: Informar Nº de Meses da Execução Contratual de Acordo com o Termo de Referência
A15: IDENTIFICAÇÃO DO SERVIÇO
A16: 1 | B16: Unidade de medida | H16: Serviço | K16: Informar a Unidade de Medida de Acordo com o Termo de Referência
A17: 2 | B17: Quantidade total a contratar (em função da unidade de medida): | K17: Informar a Quantidade a Contratar de Acordo com o Termo de Referência
A18: 1 | B18: Cargo: | C18: VIGILANTE | K18: Informar o Cargo a ser Preenchido
A20: MÃO-DE-OBRA
A22: MÃO-DE-OBRA VINCULADA À EXECUÇÃO CONTRATUAL
A23: Dados complementares para composição dos custos referente à mão-de-obra
A24: 1 | B24: Tipo do serviço | H24: =C18 -> VIGILANTE | K24: Informar o Tipo de Serviço
A25: 2 | B25: Classificação Brasileira de Ocupações (CBO) | H25: 5173-30 | K25: Informar o CBO da Ocupação
A26: 3 | B26: Salário Normativo da Categoria Profissional | H26: 2034.15 | K26: Informar o Salário Normativo contido na CCT
A27: 4 | B27: Categoria profissional | H27: 2.5.7 | K27: Informar a Categoria Profissional
A28: 5 | B28: Data base da categoria | H28: 2024/2025 | K28: Informar a Data Base da Categoria
A30: MÓDULO 01: COMPOSIÇÃO DA REMUNERAÇÃO
A31: 1 | B31: Composição da remuneração | H31: Valor (R$)
A32: A | B32: Salário base | H32: =H26 -> 2034.15 | J32: =((H32/(H26/220))) -> 220 | K32: Salário Base contido na CCT ou qualquer outro valor acima deste
A33: B | B33: Adicional de periculosidade | D33: Sim/Não | E33: S | H33: =IF(E33="N",0,H32*0.3) -> 610.25 | K33: Cálculo = Se Houver Adicional - Marcar S (Campo E33) para o cálculo Salario Base (Campo H32) * 30% ser gerado no Campo H33
A34: C | B34: Adicional de insalubridade | D34: Sim/Não | E34: N | F34: 0.2 | H34: =IF(E34="N",0,F34*H32) -> 0 | K34: Cálculo = Se Houver Adicional - Marcar S (Campo E34) para o cálculo Salario Mínimo ou Regional (campo F33) x Percentual de 10%, 20% ou 40% dependendo do grau de insalubridade (campo G33) ser gerado no Campo H34
A35: D | B35: Adicional noturno | H35: =(H32+H33)/220*20%*8*15 -> 288.48 | K35: Cálculo = (H32+H33)/220*20%*8*15
A36: E | B36: Hora noturna adicional - ou hora noturna reduzida
A37: F | B37: Adicional de hora extra no feriado
A38: G | B38: Outros (especificar)
A39: TOTAL DA REMUNERAÇÃO | H39: =SUM(H32:I38) -> 2932.88 | K39: Soma dos Itens A a G
A41: MÓDULO 02: ENCARGOS E BENEFÍCIOS ANUAIS, MENSAIS E DIÁRIOS
A42: Submódulo 2.1 - 13º (décimo terceiro) salário e adicional de férias
A43: 2.1 | B43: 13º salário e adicional de férias | H43: (%) | I43: Valor (R$)
A44: A | B44: 13º salário ( art. 7º, VIII, CF/88; Leis 4.090/1962 e 4.749/1962; Decreto 57.155/1965) | H44: =1/12 -> 0.0833 | I44: =H44*H39 -> 244.31 | K44: Cálculo = 1/12 (Campo H43) x Total da Remuneração (Campo H38)
A45: B | B45: Férias e Adicional de Férias ( Art. 7º, XVII, CF/88; Art. 129 a 153 da CLT; art. 214 § 4º do Decreto nº 3.048/99, Art. 28 § 9º, 245 alínea “d” da Lei nº 8.212/91, art. 134 e 137 da CLT) | H45: =(1/12)+(1/3/12) -> 0.1111 | I45: =H45*H39 -> 325.84 | K45: Cálculo = 1/12 (Campo H43) + 1/3/12 (Campo H43) x Total da Remuneração (Campo H38)
A46: C | B46: Incidência do submódulo 2.2 sobre o 13º Salário, Férias e Adicional de Férias ( Decreto nº 3.048/99 – Regulamento da Previdência Social) | H46: =(H44+H45)*H59 -> 0.0715 | I46: =H46*H39 -> 209.7 | K46: Cálculo = Percentuais dos Campos H43 e H44 x Total do Submódulo 2.2 (Campo H58) x Total ds Remuneração (Campo H38)
A47: TOTAL | H47: =SUM(I44:I46) -> 779.85 | K47: Soma dos Itens A a C
A49: Submódulo 2.2 - Encargos previdenciários (GPS), Fundo de Garantia por Tempo de Serviço (FGTS) e outras contribuições
A50: 2.2 | B50: GPS, FGTS e outras contribuições | H50: (%) | I50: Valor (R$)
A51: A | B51: INSS ( Lei nº 8.212/91) | H51: 0.2 | I51: =H51*$H$39 -> 586.58 | K51: Cálculo = Percentual Legal de 20% (Campo H50) x Total da Remuneração (Campo H38)
A52: B | B52: Salário Educação ( Lei nº 9.424, de 24 de dezembro de 1996) | H52: 0.025 | I52: =H52*$H$39 -> 73.32 | K52: Cálculo = Percentual Legal de 2,50% (Campo H51) x Total da Remuneração (Campo H38)
A53: C | B53: Seguro Acidente do Trabalho (RATxFAP) ( Decreto nº 3.048/99 – Regulamento da Previdência Social) | D53: RAT | E53: 3 | F53: FAT | G53: 1 | H53: =E53*G53/100 -> 0.03 | I53: =H53*$H$39 -> 87.99 | K53: Cálculo = Multiplicção dos Fatores RAT x FAT - Valor que poderá ser no máximo de 3% (Campo H52) x Total da Remuneração (Campo H38)
A54: D | B54: SESC ou SESI (Decretos-Lei 9.403/1946 (Sesi), 9.853/1946 (Sesc)) | H54: 0.015 | I54: =H54*$H$39 -> 43.99 | K54: Cálculo = Percentual Legal de 1,50% (Campo H53) x Total da Remuneração (Campo H38)
A55: E | B55: SENAI ou SENAC (Decretos-Lei 4.048/1942 (Senai), 8.621/1946 (Senac)) | H55: 0.01 | I55: =H55*$H$39 -> 29.33 | K55: Cálculo = Percentual Legal de 1,00% (Campo H54) x Total da Remuneração (Campo H38)
A56: F | B56: SEBRAE (Decreto nº 99.570 de 09 de outubro de 1990) | H56: 0.006 | I56: =H56*$H$39 -> 17.6 | K56: Cálculo = Percentual Legal de 0,60% (Campo H54) x Total da Remuneração (Campo H38)
A57: G | B57: INCRA ( Decreto-Lei nº 1.110, de 9 de julho de 1970) | H57: 0.002 | I57: =H57*$H$39 -> 5.87 | K57: Cálculo = Percentual Legal de 0,20% (Campo H54) x Total da Remuneração (Campo H38)
A58: H | B58: FGTS ( art. 15 da Lei 8.036/90) | H58: 0.08 | I58: =H58*$H$39 -> 234.63 | K58: Cálculo = Percentual Legal de 8,00% (Campo H54) x Total da Remuneração (Campo H38)
A59: TOTAL | H59: =SUM(H51:H58) -> 0.368 | I59: =SUM(I51:I58) -> 1079.31 | K59: Soma dos Itens A a H
A61: Submódulo 2.3 - Benefícios Mensais e Diários
A62: 2.3 | B62: Benefícios Mensais e Diários | H62: Valor (R$)
A63: A | B63: Transporte ( Lei n.º 7.619, de 30 de setembro de 1987) | C63: SIM/NÃO | D63: Valor | E63: Passagens | F63: Dias | G63: Desconto | H63: =IF(C64="N",0,(D64*E64*F64)-G64) -> 567.95 | K63: Caso não seja previsto Auxílio Transporte, marcar a opção "N" no Campo C63
C64: S | D64: 15 | E64: 2 | F64: 23 | G64: =H32*0.06 -> 122.05 | H64: =IF(H63>=0,H63,0) -> 567.95 | K64: Cálculo = Valor Unitário da Passagem (Campo D63) x Quant. (Campo E63) x Total de Dias (Campo F63) - Desconto (6% do Total da Remuneração - Campo G63)
A65: B | B65: Auxílio-Refeição/Alimentação (CCT) | D65: SIM/NÃO | E65: Valor | F65: Dias | G65: Desconto | H65: =IF(D66="N",0,(E66*F66)-G66) -> 828 | K65: Caso não seja previsto Auxílio Alimentaçõ/Refeição, marcar a opção "N" no Campo D65
D66: SIM/NÃO | E66: 40 | F66: 23 | G66: =E66*F66*10% -> 92 | K66: Cálculo = Valor Unitário do Vale (Campo E65) x Total de Dias (Campo F65) - Desconto (verificar se há ou não desconto na CCT e aplicar)
A67: C | B67: Seguro de vida, invalidez e funeral (CCT) | H67: 120 | K67: Inserir o valor por funcionário no campo H66 se houver previsão na CCT
A68: D | B68: Auxílio-Saúde - Plano de Assist. Médica (CCT 2024/2025RJ) | H68: 0 | K68: Cálculo = Valor Diário do Café (Campo AI68) * Dias (Campo F66)
A69: E | B69: Benefício Social Familiar (CCT 2024/2025RJ) | H69: 0
A70: F | B70: Auxílio-Saúde - Plano de Assist. Odontológica (CCT 2024/2025RJ) | H70: 0
A71: TOTAL | H71: =SUM(H63:I70) -> 2083.9 | K71: Soma dos Itens A a E
A73: QUADRO RESUMO DO MÓDULO 2 - ENCARGOS E BENEFÍCIOS ANUAIS, MENSAIS E DIÁRIOS
A75: 2 | B75: Encargos e Benefícios Anuais, Mensais e Diários | H75: Valor (R$)
A76: 2.1 | B76: 13º (décimo terceiro) Salário e Adicional de Férias | H76: =H47 -> 779.85 | K76: Soma do Total do Módulo 2.1 extraída do Campo H46
A77: 2.2 | B77: GPS, FGTS e outras contribuições | H77: =I59 -> 1079.31 | K77: Soma do Total do Módulo 2.2 extraída do Campo I58
A78: 2.3 | B78: Benefícios Mensais e Diários | H78: =H71 -> 2083.9 | K78: Soma do Total do Módulo 2.3 extraída do Campo H68
A79: TOTAL | H79: =SUM(H76:I78) -> 3943.06 | K79: Soma dos Itens 2.1 + 2.2 + 2.3
A81: MÓDULO 03: PROVISÃO PARA RESCISÃO
A82: 3 | B82: Provisão para Rescisão | H82: (%) | I82: Valor (R$)
A83: A | B83: Aviso Prévio Indenizado ( art. 487,§ 1º da CLT) | H83: =(1/12) -> 0.0833 | I83: =H83*$H$39 -> 244.31 | K83: Cálculo = Percentual de 1/12 (Campo H80) x Total da Remuneração (Campo H38)
A84: B | B84: Incidência do FGTS sobre o Aviso Prévio Indenizado ( art. 15, da Lei8.036/90) | H84: =H83*8% -> 0.0067 | I84: =H84*$H$39 -> 19.65 | K84: Cálculo = Percentual de 8% x 0,42% do APT (Campo H81) x Total da Remuneração (Campo H38)
A85: C | B85: Multa do FGTS e contribuição social sobre o Aviso Prévio Indenizado ( Lei n. 13.932/2019) | H85: =(((1+(2/12)+((1/3)*(1/12)))*0.08*0.4*0.9)) -> 0.0344 | I85: =H85*$H$39 -> 100.89 | K85: Cálculo = [1 + 12/ 2 + (1/ 3 × 12/ 1 ) ] × 0,08 × 0,4 × 0,9
A86: D | B86: Aviso Prévio Trabalhado ( art. 487,§ 1º da CLT) | H86: 0.0194 | I86: =H86*$H$39 -> 56.9 | K86: Cálculo = ((1/30)*7)/12 = Percentual de 1,94% (Campo H83) x Total da Remuneração (Campo H38)
A87: E | B87: Incidência dos encargos do submódulo 2.2 sobre o Aviso Prévio Trabalhado | H87: =H86*H59 -> 0.0071 | I87: =H87*$H$39 -> 20.82 | K87: Cálculo = Percentual do Submódulo 2.2 (Campo H58) x Percentual do Aviso Prévio Trabalhado (H83) x Total da Remuneração (Campo H38)
A88: F | B88: Multa do FGTS e contribuição social sobre o Aviso Prévio Trabalhado ( Lei n. 13.932/2019) | H88: =H86*0.08*0.4 -> 0.0006 | I88: =H88*$H$39 -> 1.76 | K88: Cálculo = 1,94%*8%*40%
A89: TOTAL | H89: =SUM(I83:I88) -> 444.33 | K89: Soma dos Itens A a F
A91: MÓDULO 04: CUSTO DE REPOSIÇÃO DO PROFISSIONAL AUSENTE
A92: Submódulo 4.1 - Ausências Legais
A93: 4.1 | B93: Substituto nas Ausências Legais | H93: (%) | I93: Valor (R$)
A94: A | B94: Substituto na Cobertura das Ferias ( Art. 7º , inciso XVII, da CLT. Art. 129 e 130 da CLT, ) | H94: =1/12 -> 0.0833 | I94: =H94*H39 -> 244.31 | K94: Cálculo = 1/12 (Campo H43) x Total da Remuneração (Campo H38)
A95: B | B95: Substituto na Cobertura das ausência por doença ( Art.131 , inciso III, da CLT. Art. 476 da CLT, ) | H95: 0.0166 | I95: =H95*$H$39 -> 48.69 | K95: Cálculo = (5,96/30)/12*100=1,66%
A96: C | B96: Substituto na Cobertura de Afastamento paternidade ( Art. 82 e 473 da CLT) | H96: =(5/30/12)*0.015 -> 0.0002 | I96: =H96*$H$39 -> 0.59 | K96: Cálculo = (5/30/12)*0,015
A97: D | B97: Substituto na Cobertura das Ausências por Acidente de Trabalho ( Art. 27 do Dec. 89312/84) | H97: =(1/12)*(0.0178) -> 0.0015 | I97: =H97*$H$39 -> 4.4 | K97: Cálculo = (1/12)*0,0178
A98: E | B98: Substituto na Cobertura de Afastamento Maternidade ( Art. 7º inc. XVIII, CF) | H98: =11.11%*5.28%*50% -> 0.0029 | I98: =H98*$H$39 -> 8.51 | K98: Cálculo = 11,11%*5,28%*50%
A99: F | B99: Substituto na Cobertura de Ausências legais ( Art. 7º, inciso XIX da CF) | H99: =(1/30/12) -> 0.0028 | I99: =H99*$H$39 -> 8.21 | K99: Cálculo= 1/30/12
A100: TOTAL | H100: =SUM(H95:H99) -> 0.024 | I100: =SUM(I94:I99) -> 314.71 | K100: Soma dos Itens A a F
A102: Submódulo 4.2 - Intrajornada
A103: 4.2 | B103: Substituto na Intrajornada | H103: (%) | I103: Valor (R$)
A104: A | B104: Substituto no Intervalo para Repouso ou Alimentação | I104: =(H32+H33+H34)*H104 -> 0
A105: TOTAL | H105: =SUM(I101:I104) -> 0
A107: QUADRO RESUMO DO MÓDULO 4 - CUSTO DE REPOSIÇÃO DO PROFISSIONAL AUSENTE
A108: 4 | B108: Encargos e Benefícios Anuais, Mensais e Diários | H108: Valor (R$)
A109: 4.1 | B109: Substituto nas Ausência Legais | H109: =I100 -> 314.71 | K109: Soma Total do Submódulo 4.1 extraída do Campo H99
A110: 4.2 | B110: Substituto na Intrajornada | H110: =H105 -> 0 | K110: Soma Total do Submódulo 4.2 extraída do Campo H105
A111: TOTAL | H111: =SUM(H109:I110) -> 314.71
A113: MÓDULO 05: INSUMOS DIVERSOS
A114: 5 | B114: Insumos Diversos | H114: Valor (R$)
A115: A | B115: Uniformes (custo mensal por empregado) | H115: =UNIFORMES!F17 -> 308.82 | K115: Cálculo = Conforme valor na planilha UNIFORMES
A116: B | B116: Materiais (custo mensal por empregado) | H116: 0 | K116: Cálculo = Se Houver, calcular o valor total dividir pela quantidade de meses do contrato, utilizando uma memória de cálculo em outra planilha
A117: C | B117: Equipamentos (custo mensal por empregado) | H117: =EQUIPAMENTOS!F13 -> 80 | K117: Cálculo = Se Houver, calcular o valor total dividir pela quantidade de meses do contrato, utilizando uma memória de cálculo em outra planilha
...

Sheet Vigilante 12x36 Diurno (Carro)
A1: ANEXO II - PLANILHA DE COMPOSIÇÃO DE CUSTOS
A2: PLANILHA DE CUSTOS E FORMAÇÕES DE PREÇOS
B4: Processo nº: 6948/2025
B5: Licitação nº: 03/2025
B6: Empresa:
A8: DISCRIMINAÇÃO DOS SERVIÇOS (DADOS REFERENTES À CONTRATAÇÃO) | K8: MEMÓRIA DE CÁLCULO
A10: A | B10: Data de apresentação da proposta (dia/mês/ano) | G10: - | K10: Informar a Data da Apresentação da Proposta
A11: B | B11: Município/ UF | G11: Mangaratiba- RJ | K11: Informar o Município e UF
A12: C | B12: Ano Acordo, Convenção ou Sentença Normativa em Dissídio Coletivo | G12: CCT - 2026 | K12: Informar qual CCT Base e Ano
A13: D | B13: Nº de meses de execução contratual | G13: 12 | K13: Informar Nº de Meses da Execução Contratual de Acordo com o Termo de Referência
A15: IDENTIFICAÇÃO DO SERVIÇO
A16: 1 | B16: Unidade de medida | H16: Serviço | K16: Informar a Unidade de Medida de Acordo com o Termo de Referência
A17: 2 | B17: Quantidade total a contratar (em função da unidade de medida): | K17: Informar a Quantidade a Contratar de Acordo com o Termo de Referência
A18: 1 | B18: Cargo: | C18: VIGILANTE | K18: Informar o Cargo a ser Preenchido
A20: MÃO-DE-OBRA
A22: MÃO-DE-OBRA VINCULADA À EXECUÇÃO CONTRATUAL
A23: Dados complementares para composição dos custos referente à mão-de-obra
A24: 1 | B24: Tipo do serviço | H24: =C18 -> VIGILANTE | K24: Informar o Tipo de Serviço
A25: 2 | B25: Classificação Brasileira de Ocupações (CBO) | H25: 5173-30 | K25: Informar o CBO da Ocupação
A26: 3 | B26: Salário Normativo da Categoria Profissional | H26: 2440.99 | K26: Informar o Salário Normativo contido na CCT
A27: 4 | B27: Categoria profissional | H27: 2.5.7 | K27: Informar a Categoria Profissional
A28: 5 | B28: Data base da categoria | H28: 2026 | K28: Informar a Data Base da Categoria
A30: MÓDULO 01: COMPOSIÇÃO DA REMUNERAÇÃO
A31: 1 | B31: Composição da remuneração | H31: Valor (R$)
A32: A | B32: Salário base | H32: =H26 -> 2440.99 | J32: =((H32/(H26/220))) -> 220 | K32: Salário Base contido na CCT ou qualquer outro valor acima deste
A33: B | B33: Adicional de periculosidade | D33: Sim/Não | E33: S | H33: =IF(E33="N",0,H32*0.3) -> 732.3 | K33: Cálculo = Se Houver Adicional - Marcar S (Campo E33) para o cálculo Salario Base (Campo H32) * 30% ser gerado no Campo H33
A34: C | B34: Adicional de insalubridade | D34: Sim/Não | E34: N | F34: 0.2 | H34: =IF(E34="N",0,F34*H32) -> 0 | K34: Cálculo = Se Houver Adicional - Marcar S (Campo E34) para o cálculo Salario Mínimo ou Regional (campo F33) x Percentual de 10%, 20% ou 40% dependendo do grau de insalubridade (campo G33) ser gerado no Campo H34
A35: D | B35: Adicional noturno
A36: E | B36: Hora noturna adicional - ou hora noturna reduzida
A37: F | B37: Adicional de hora extra no feriado
A38: G | B38: Outros (especificar)
A39: TOTAL DA REMUNERAÇÃO | H39: =SUM(H32:I38) -> 3173.29 | K39: Soma dos Itens A a G
A41: MÓDULO 02: ENCARGOS E BENEFÍCIOS ANUAIS, MENSAIS E DIÁRIOS
A42: Submódulo 2.1 - 13º (décimo terceiro) salário e adicional de férias
A43: 2.1 | B43: 13º salário e adicional de férias | H43: (%) | I43: Valor (R$)
A44: A | B44: 13º salário ( art. 7º, VIII, CF/88; Leis 4.090/1962 e 4.749/1962; Decreto 57.155/1965) | H44: =1/12 -> 0.0833 | I44: =H44*H39 -> 264.34 | K44: Cálculo = 1/12 (Campo H43) x Total da Remuneração (Campo H38)
A45: B | B45: Férias e Adicional de Férias ( Art. 7º, XVII, CF/88; Art. 129 a 153 da CLT; art. 214 § 4º do Decreto nº 3.048/99, Art. 28 § 9º, 245 alínea “d” da Lei nº 8.212/91, art. 134 e 137 da CLT) | H45: =(1/12)+(1/3/12) -> 0.1111 | I45: =H45*H39 -> 352.55 | K45: Cálculo = 1/12 (Campo H43) + 1/3/12 (Campo H43) x Total da Remuneração (Campo H38)
A46: C | B46: Incidência do submódulo 2.2 sobre o 13º Salário, Férias e Adicional de Férias ( Decreto nº 3.048/99 – Regulamento da Previdência Social) | H46: =(H44+H45)*H59 -> 0.0715 | I46: =H46*H39 -> 226.89 | K46: Cálculo = Percentuais dos Campos H43 e H44 x Total do Submódulo 2.2 (Campo H58) x Total ds Remuneração (Campo H38)
A47: TOTAL | H47: =SUM(I44:I46) -> 843.78 | K47: Soma dos Itens A a C
A49: Submódulo 2.2 - Encargos previdenciários (GPS), Fundo de Garantia por Tempo de Serviço (FGTS) e outras contribuições
A50: 2.2 | B50: GPS, FGTS e outras contribuições | H50: (%) | I50: Valor (R$)
A51: A | B51: INSS ( Lei nº 8.212/91) | H51: 0.2 | I51: =H51*$H$39 -> 634.66 | K51: Cálculo = Percentual Legal de 20% (Campo H50) x Total da Remuneração (Campo H38)
A52: B | B52: Salário Educação ( Lei nº 9.424, de 24 de dezembro de 1996) | H52: 0.025 | I52: =H52*$H$39 -> 79.33 | K52: Cálculo = Percentual Legal de 2,50% (Campo H51) x Total da Remuneração (Campo H38)
A53: C | B53: Seguro Acidente do Trabalho (RATxFAP) ( Decreto nº 3.048/99 – Regulamento da Previdência Social) | D53: RAT | E53: 3 | F53: FAT | G53: 1 | H53: =E53*G53/100 -> 0.03 | I53: =H53*$H$39 -> 95.2 | K53: Cálculo = Multiplicção dos Fatores RAT x FAT - Valor que poderá ser no máximo de 3% (Campo H52) x Total da Remuneração (Campo H38)
A54: D | B54: SESC ou SESI (Decretos-Lei 9.403/1946 (Sesi), 9.853/1946 (Sesc)) | H54: 0.015 | I54: =H54*$H$39 -> 47.6 | K54: Cálculo = Percentual Legal de 1,50% (Campo H53) x Total da Remuneração (Campo H38)
A55: E | B55: SENAI ou SENAC (Decretos-Lei 4.048/1942 (Senai), 8.621/1946 (Senac)) | H55: 0.01 | I55: =H55*$H$39 -> 31.73 | K55: Cálculo = Percentual Legal de 1,00% (Campo H54) x Total da Remuneração (Campo H38)
A56: F | B56: SEBRAE (Decreto nº 99.570 de 09 de outubro de 1990) | H56: 0.006 | I56: =H56*$H$39 -> 19.04 | K56: Cálculo = Percentual Legal de 0,60% (Campo H54) x Total da Remuneração (Campo H38)
A57: G | B57: INCRA ( Decreto-Lei nº 1.110, de 9 de julho de 1970) | H57: 0.002 | I57: =H57*$H$39 -> 6.35 | K57: Cálculo = Percentual Legal de 0,20% (Campo H54) x Total da Remuneração (Campo H38)
A58: H | B58: FGTS ( art. 15 da Lei 8.036/90) | H58: 0.08 | I58: =H58*$H$39 -> 253.86 | K58: Cálculo = Percentual Legal de 8,00% (Campo H54) x Total da Remuneração (Campo H38)
A59: TOTAL | H59: =SUM(H51:H58) -> 0.368 | I59: =SUM(I51:I58) -> 1167.77 | K59: Soma dos Itens A a H
A61: Submódulo 2.3 - Benefícios Mensais e Diários
A62: 2.3 | B62: Benefícios Mensais e Diários | H62: Valor (R$)
A63: A | B63: Transporte ( Lei n.º 7.619, de 30 de setembro de 1987) | C63: SIM/NÃO | D63: Valor | E63: Passagens | F63: Dias | G63: Desconto | H63: =IF(C64="N",0,(D64*E64*F64)-G64) -> 543.54 | K63: Caso não seja previsto Auxílio Transporte, marcar a opção "N" no Campo C63
C64: S | D64: 15 | E64: 2 | F64: 23 | G64: =H32*0.06 -> 146.46 | H64: =IF(H63>=0,H63,0) -> 543.54 | K64: Cálculo = Valor Unitário da Passagem (Campo D63) x Quant. (Campo E63) x Total de Dias (Campo F63) - Desconto (6% do Total da Remuneração - Campo G63)
A65: B | B65: Auxílio-Refeição/Alimentação (CCT) | D65: SIM/NÃO | E65: Valor | F65: Dias | G65: Desconto | H65: =IF(D66="N",0,(E66*F66)-G66) -> 828 | K65: Caso não seja previsto Auxílio Alimentaçõ/Refeição, marcar a opção "N" no Campo D65
D66: SIM/NÃO | E66: 40 | F66: 23 | G66: =E66*F66*10% -> 92 | K66: Cálculo = Valor Unitário do Vale (Campo E65) x Total de Dias (Campo F65) - Desconto (verificar se há ou não desconto na CCT e aplicar)
A67: C | B67: Seguro de vida, invalidez e funeral (CCT) | H67: 120 | K67: Inserir o valor por funcionário no campo H66 se houver previsão na CCT
A68: D | B68: Auxílio-Saúde - Plano de Assist. Médica (CCT 2024/2025RJ) | H68: 0 | K68: Cálculo = Valor Diário do Café (Campo AI68) * Dias (Campo F66)
A69: E | B69: Benefício Social Familiar (CCT 2024/2025RJ) | H69: 0
A70: F | B70: Auxílio-Saúde - Plano de Assist. Odontológica (CCT 2024/2025RJ) | H70: 0
A71: TOTAL | H71: =SUM(H63:I70) -> 2035.08 | K71: Soma dos Itens A a E
A73: QUADRO RESUMO DO MÓDULO 2 - ENCARGOS E BENEFÍCIOS ANUAIS, MENSAIS E DIÁRIOS
A75: 2 | B75: Encargos e Benefícios Anuais, Mensais e Diários | H75: Valor (R$)
A76: 2.1 | B76: 13º (décimo terceiro) Salário e Adicional de Férias | H76: =H47 -> 843.78 | K76: Soma do Total do Módulo 2.1 extraída do Campo H46
A77: 2.2 | B77: GPS, FGTS e outras contribuições | H77: =I59 -> 1167.77 | K77: Soma do Total do Módulo 2.2 extraída do Campo I58
A78: 2.3 | B78: Benefícios Mensais e Diários | H78: =H71 -> 2035.08 | K78: Soma do Total do Módulo 2.3 extraída do Campo H68
A79: TOTAL | H79: =SUM(H76:I78) -> 4046.63 | K79: Soma dos Itens 2.1 + 2.2 + 2.3
A81: MÓDULO 03: PROVISÃO PARA RESCISÃO
A82: 3 | B82: Provisão para Rescisão | H82: (%) | I82: Valor (R$)
A83: A | B83: Aviso Prévio Indenizado ( art. 487,§ 1º da CLT) | H83: =(1/12) -> 0.0833 | I83: =H83*$H$39 -> 264.34 | K83: Cálculo = Percentual de 1/12 (Campo H80) x Total da Remuneração (Campo H38)
A84: B | B84: Incidência do FGTS sobre o Aviso Prévio Indenizado ( art. 15, da Lei8.036/90) | H84: =H83*8% -> 0.0067 | I84: =H84*$H$39 -> 21.26 | K84: Cálculo = Percentual de 8% x 0,42% do APT (Campo H81) x Total da Remuneração (Campo H38)
A85: C | B85: Multa do FGTS e contribuição social sobre o Aviso Prévio Indenizado ( Lei n. 13.932/2019) | H85: =(((1+(2/12)+((1/3)*(1/12)))*0.08*0.4*0.9)) -> 0.0344 | I85: =H85*$H$39 -> 109.16 | K85: Cálculo = [1 + 12/ 2 + (1/ 3 × 12/ 1 ) ] × 0,08 × 0,4 × 0,9
A86: D | B86: Aviso Prévio Trabalhado ( art. 487,§ 1º da CLT) | H86: 0.0194 | I86: =H86*$H$39 -> 61.56 | K86: Cálculo = ((1/30)*7)/12 = Percentual de 1,94% (Campo H83) x Total da Remuneração (Campo H38)
A87: E | B87: Incidência dos encargos do submódulo 2.2 sobre o Aviso Prévio Trabalhado | H87: =H86*H59 -> 0.0071 | I87: =H87*$H$39 -> 22.53 | K87: Cálculo = Percentual do Submódulo 2.2 (Campo H58) x Percentual do Aviso Prévio Trabalhado (H83) x Total da Remuneração (Campo H38)
A88: F | B88: Multa do FGTS e contribuição social sobre o Aviso Prévio Trabalhado ( Lei n. 13.932/2019) | H88: =H86*0.08*0.4 -> 0.0006 | I88: =H88*$H$39 -> 1.9 | K88: Cálculo = 1,94%*8%*40%
A89: TOTAL | H89: =SUM(I83:I88) -> 480.75 | K89: Soma dos Itens A a F
A91: MÓDULO 04: CUSTO DE REPOSIÇÃO DO PROFISSIONAL AUSENTE
A92: Submódulo 4.1 - Ausências Legais
A93: 4.1 | B93: Substituto nas Ausências Legais | H93: (%) | I93: Valor (R$)
A94: A | B94: Substituto na Cobertura das Ferias ( Art. 7º , inciso XVII, da CLT. Art. 129 e 130 da CLT, ) | H94: =1/12 -> 0.0833 | I94: =H94*H39 -> 264.34 | K94: Cálculo = 1/12 (Campo H43) x Total da Remuneração (Campo H38)
A95: B | B95: Substituto na Cobertura das ausência por doença ( Art.131 , inciso III, da CLT. Art. 476 da CLT, ) | H95: 0.0166 | I95: =H95*$H$39 -> 52.68 | K95: Cálculo = (5,96/30)/12*100=1,66%
A96: C | B96: Substituto na Cobertura de Afastamento paternidade ( Art. 82 e 473 da CLT) | H96: =(5/30/12)*0.015 -> 0.0002 | I96: =H96*$H$39 -> 0.63 | K96: Cálculo = (5/30/12)*0,015
A97: D | B97: Substituto na Cobertura das Ausências por Acidente de Trabalho ( Art. 27 do Dec. 89312/84) | H97: =(1/12)*(0.0178) -> 0.0015 | I97: =H97*$H$39 -> 4.76 | K97: Cálculo = (1/12)*0,0178
A98: E | B98: Substituto na Cobertura de Afastamento Maternidade ( Art. 7º inc. XVIII, CF) | H98: =11.11%*5.28%*50% -> 0.0029 | I98: =H98*$H$39 -> 9.2 | K98: Cálculo = 11,11%*5,28%*50%
A99: F | B99: Substituto na Cobertura de Ausências legais ( Art. 7º, inciso XIX da CF) | H99: =(1/30/12) -> 0.0028 | I99: =H99*$H$39 -> 8.89 | K99: Cálculo= 1/30/12
A100: TOTAL | H100: =SUM(H95:H99) -> 0.024 | I100: =SUM(I94:I99) -> 340.5 | K100: Soma dos Itens A a F
A102: Submódulo 4.2 - Intrajornada
A103: 4.2 | B103: Substituto na Intrajornada | H103: (%) | I103: Valor (R$)
A104: A | B104: Substituto no Intervalo para Repouso ou Alimentação | I104: =(H32+H33+H34)*H104 -> 0
A105: TOTAL | H105: =SUM(I101:I104) -> 0
A107: QUADRO RESUMO DO MÓDULO 4 - CUSTO DE REPOSIÇÃO DO PROFISSIONAL AUSENTE
A108: 4 | B108: Encargos e Benefícios Anuais, Mensais e Diários | H108: Valor (R$)
A109: 4.1 | B109: Substituto nas Ausência Legais | H109: =I100 -> 340.5 | K109: Soma Total do Submódulo 4.1 extraída do Campo H99
A110: 4.2 | B110: Substituto na Intrajornada | H110: =H105 -> 0 | K110: Soma Total do Submódulo 4.2 extraída do Campo H105
A111: TOTAL | H111: =SUM(H109:I110) -> 340.5
A113: MÓDULO 05: INSUMOS DIVERSOS
A114: 5 | B114: Insumos Diversos | H114: Valor (R$)
A115: A | B115: Uniformes (custo mensal por empregado) | H115: =UNIFORMES!F17 -> 308.82 | K115: Cálculo = Conforme valor na planilha UNIFORMES
A116: B | B116: Materiais (custo mensal por empregado) | H116: 0 | K116: Cálculo = Se Houver, calcular o valor total dividir pela quantidade de meses do contrato, utilizando uma memória de cálculo em outra planilha
A117: C | B117: Equipamentos (custo mensal por empregado) | H117: =EQUIPAMENTOS!F25 -> 3280 | K117: Cálculo = Se Houver, calcular o valor total dividir pela quantidade de meses do contrato, utilizando uma memória de cálculo em outra planilha
...

Sheet Vigilante 12x36 Noturno (Carro)
A1: ANEXO II - PLANILHA DE COMPOSIÇÃO DE CUSTOS
A2: PLANILHA DE CUSTOS E FORMAÇÕES DE PREÇOS
B4: Processo nº: 6948/2025
B5: Licitação nº: 03/2025
B6: Empresa:
A8: DISCRIMINAÇÃO DOS SERVIÇOS (DADOS REFERENTES À CONTRATAÇÃO) | K8: MEMÓRIA DE CÁLCULO
A10: A | B10: Data de apresentação da proposta (dia/mês/ano) | G10: - | K10: Informar a Data da Apresentação da Proposta
A11: B | B11: Município/ UF | G11: Mangaratiba- RJ | K11: Informar o Município e UF
A12: C | B12: Ano Acordo, Convenção ou Sentença Normativa em Dissídio Coletivo | G12: CCT - 2026 | K12: Informar qual CCT Base e Ano
A13: D | B13: Nº de meses de execução contratual | G13: 12 | K13: Informar Nº de Meses da Execução Contratual de Acordo com o Termo de Referência
A15: IDENTIFICAÇÃO DO SERVIÇO
A16: 1 | B16: Unidade de medida | H16: Serviço | K16: Informar a Unidade de Medida de Acordo com o Termo de Referência
A17: 2 | B17: Quantidade total a contratar (em função da unidade de medida): | K17: Informar a Quantidade a Contratar de Acordo com o Termo de Referência
A18: 1 | B18: Cargo: | C18: VIGILANTE | K18: Informar o Cargo a ser Preenchido
A20: MÃO-DE-OBRA
A22: MÃO-DE-OBRA VINCULADA À EXECUÇÃO CONTRATUAL
A23: Dados complementares para composição dos custos referente à mão-de-obra
A24: 1 | B24: Tipo do serviço | H24: =C18 -> VIGILANTE | K24: Informar o Tipo de Serviço
A25: 2 | B25: Classificação Brasileira de Ocupações (CBO) | H25: 5173-30 | K25: Informar o CBO da Ocupação
A26: 3 | B26: Salário Normativo da Categoria Profissional | H26: 2440.99 | K26: Informar o Salário Normativo contido na CCT
A27: 4 | B27: Categoria profissional | H27: 2.5.7 | K27: Informar a Categoria Profissional
A28: 5 | B28: Data base da categoria | H28: 2024/2025 | K28: Informar a Data Base da Categoria
A30: MÓDULO 01: COMPOSIÇÃO DA REMUNERAÇÃO
A31: 1 | B31: Composição da remuneração | H31: Valor (R$)
A32: A | B32: Salário base | H32: =H26 -> 2440.99 | J32: =((H32/(H26/220))) -> 220 | K32: Salário Base contido na CCT ou qualquer outro valor acima deste
A33: B | B33: Adicional de periculosidade | D33: Sim/Não | E33: s | H33: =IF(E33="N",0,H32*0.3) -> 732.3 | K33: Cálculo = Se Houver Adicional - Marcar S (Campo E33) para o cálculo Salario Base (Campo H32) * 30% ser gerado no Campo H33
A34: C | B34: Adicional de insalubridade | D34: Sim/Não | E34: N | F34: 0.2 | H34: =IF(E34="N",0,F34*H32) -> 0 | K34: Cálculo = Se Houver Adicional - Marcar S (Campo E34) para o cálculo Salario Mínimo ou Regional (campo F33) x Percentual de 10%, 20% ou 40% dependendo do grau de insalubridade (campo G33) ser gerado no Campo H34
A35: D | B35: Adicional noturno | H35: =(H32+H33)/220*20%*8*15 -> 346.18 | K35: Cálculo = (H32+H33)/220*20%*8*15
A36: E | B36: Hora noturna adicional - ou hora noturna reduzida
A37: F | B37: Adicional de hora extra no feriado
A38: G | B38: Outros (especificar)
A39: TOTAL DA REMUNERAÇÃO | H39: =SUM(H32:I38) -> 3519.47 | K39: Soma dos Itens A a G
A41: MÓDULO 02: ENCARGOS E BENEFÍCIOS ANUAIS, MENSAIS E DIÁRIOS
A42: Submódulo 2.1 - 13º (décimo terceiro) salário e adicional de férias
A43: 2.1 | B43: 13º salário e adicional de férias | H43: (%) | I43: Valor (R$)
A44: A | B44: 13º salário ( art. 7º, VIII, CF/88; Leis 4.090/1962 e 4.749/1962; Decreto 57.155/1965) | H44: =1/12 -> 0.0833 | I44: =H44*H39 -> 293.17 | K44: Cálculo = 1/12 (Campo H43) x Total da Remuneração (Campo H38)
A45: B | B45: Férias e Adicional de Férias ( Art. 7º, XVII, CF/88; Art. 129 a 153 da CLT; art. 214 § 4º do Decreto nº 3.048/99, Art. 28 § 9º, 245 alínea “d” da Lei nº 8.212/91, art. 134 e 137 da CLT) | H45: =(1/12)+(1/3/12) -> 0.1111 | I45: =H45*H39 -> 391.01 | K45: Cálculo = 1/12 (Campo H43) + 1/3/12 (Campo H43) x Total da Remuneração (Campo H38)
A46: C | B46: Incidência do submódulo 2.2 sobre o 13º Salário, Férias e Adicional de Férias ( Decreto nº 3.048/99 – Regulamento da Previdência Social) | H46: =(H44+H45)*H59 -> 0.0715 | I46: =H46*H39 -> 251.64 | K46: Cálculo = Percentuais dos Campos H43 e H44 x Total do Submódulo 2.2 (Campo H58) x Total ds Remuneração (Campo H38)
A47: TOTAL | H47: =SUM(I44:I46) -> 935.82 | K47: Soma dos Itens A a C
A49: Submódulo 2.2 - Encargos previdenciários (GPS), Fundo de Garantia por Tempo de Serviço (FGTS) e outras contribuições
A50: 2.2 | B50: GPS, FGTS e outras contribuições | H50: (%) | I50: Valor (R$)
A51: A | B51: INSS ( Lei nº 8.212/91) | H51: 0.2 | I51: =H51*$H$39 -> 703.89 | K51: Cálculo = Percentual Legal de 20% (Campo H50) x Total da Remuneração (Campo H38)
A52: B | B52: Salário Educação ( Lei nº 9.424, de 24 de dezembro de 1996) | H52: 0.025 | I52: =H52*$H$39 -> 87.99 | K52: Cálculo = Percentual Legal de 2,50% (Campo H51) x Total da Remuneração (Campo H38)
A53: C | B53: Seguro Acidente do Trabalho (RATxFAP) ( Decreto nº 3.048/99 – Regulamento da Previdência Social) | D53: RAT | E53: 3 | F53: FAT | G53: 1 | H53: =E53*G53/100 -> 0.03 | I53: =H53*$H$39 -> 105.58 | K53: Cálculo = Multiplicção dos Fatores RAT x FAT - Valor que poderá ser no máximo de 3% (Campo H52) x Total da Remuneração (Campo H38)
A54: D | B54: SESC ou SESI (Decretos-Lei 9.403/1946 (Sesi), 9.853/1946 (Sesc)) | H54: 0.015 | I54: =H54*$H$39 -> 52.79 | K54: Cálculo = Percentual Legal de 1,50% (Campo H53) x Total da Remuneração (Campo H38)
A55: E | B55: SENAI ou SENAC (Decretos-Lei 4.048/1942 (Senai), 8.621/1946 (Senac)) | H55: 0.01 | I55: =H55*$H$39 -> 35.19 | K55: Cálculo = Percentual Legal de 1,00% (Campo H54) x Total da Remuneração (Campo H38)
A56: F | B56: SEBRAE (Decreto nº 99.570 de 09 de outubro de 1990) | H56: 0.006 | I56: =H56*$H$39 -> 21.12 | K56: Cálculo = Percentual Legal de 0,60% (Campo H54) x Total da Remuneração (Campo H38)
A57: G | B57: INCRA ( Decreto-Lei nº 1.110, de 9 de julho de 1970) | H57: 0.002 | I57: =H57*$H$39 -> 7.04 | K57: Cálculo = Percentual Legal de 0,20% (Campo H54) x Total da Remuneração (Campo H38)
A58: H | B58: FGTS ( art. 15 da Lei 8.036/90) | H58: 0.08 | I58: =H58*$H$39 -> 281.56 | K58: Cálculo = Percentual Legal de 8,00% (Campo H54) x Total da Remuneração (Campo H38)
A59: TOTAL | H59: =SUM(H51:H58) -> 0.368 | I59: =SUM(I51:I58) -> 1295.16 | K59: Soma dos Itens A a H
A61: Submódulo 2.3 - Benefícios Mensais e Diários
A62: 2.3 | B62: Benefícios Mensais e Diários | H62: Valor (R$)
A63: A | B63: Transporte ( Lei n.º 7.619, de 30 de setembro de 1987) | C63: SIM/NÃO | D63: Valor | E63: Passagens | F63: Dias | G63: Desconto | H63: =IF(C64="N",0,(D64*E64*F64)-G64) -> 543.54 | K63: Caso não seja previsto Auxílio Transporte, marcar a opção "N" no Campo C63
C64: S | D64: 15 | E64: 2 | F64: 23 | G64: =H32*0.06 -> 146.46 | H64: =IF(H63>=0,H63,0) -> 543.54 | K64: Cálculo = Valor Unitário da Passagem (Campo D63) x Quant. (Campo E63) x Total de Dias (Campo F63) - Desconto (6% do Total da Remuneração - Campo G63)
A65: B | B65: Auxílio-Refeição/Alimentação (CCT) | D65: SIM/NÃO | E65: Valor | F65: Dias | G65: Desconto | H65: =IF(D66="N",0,(E66*F66)-G66) -> 828 | K65: Caso não seja previsto Auxílio Alimentaçõ/Refeição, marcar a opção "N" no Campo D65
D66: SIM/NÃO | E66: 40 | F66: 23 | G66: =E66*F66*10% -> 92 | K66: Cálculo = Valor Unitário do Vale (Campo E65) x Total de Dias (Campo F65) - Desconto (verificar se há ou não desconto na CCT e aplicar)
A67: C | B67: Seguro de vida, invalidez e funeral (CCT) | H67: 120 | K67: Inserir o valor por funcionário no campo H66 se houver previsão na CCT
A68: D | B68: Auxílio-Saúde - Plano de Assist. Médica (CCT 2024/2025RJ) | H68: 0 | K68: Cálculo = Valor Diário do Café (Campo AI68) * Dias (Campo F66)
A69: E | B69: Benefício Social Familiar (CCT 2024/2025RJ) | H69: 0
A70: F | B70: Auxílio-Saúde - Plano de Assist. Odontológica (CCT 2024/2025RJ) | H70: 0
A71: TOTAL | H71: =SUM(H63:I70) -> 2035.08 | K71: Soma dos Itens A a E
A73: QUADRO RESUMO DO MÓDULO 2 - ENCARGOS E BENEFÍCIOS ANUAIS, MENSAIS E DIÁRIOS
A75: 2 | B75: Encargos e Benefícios Anuais, Mensais e Diários | H75: Valor (R$)
A76: 2.1 | B76: 13º (décimo terceiro) Salário e Adicional de Férias | H76: =H47 -> 935.82 | K76: Soma do Total do Módulo 2.1 extraída do Campo H46
A77: 2.2 | B77: GPS, FGTS e outras contribuições | H77: =I59 -> 1295.16 | K77: Soma do Total do Módulo 2.2 extraída do Campo I58
A78: 2.3 | B78: Benefícios Mensais e Diários | H78: =H71 -> 2035.08 | K78: Soma do Total do Módulo 2.3 extraída do Campo H68
A79: TOTAL | H79: =SUM(H76:I78) -> 4266.06 | K79: Soma dos Itens 2.1 + 2.2 + 2.3
A81: MÓDULO 03: PROVISÃO PARA RESCISÃO
A82: 3 | B82: Provisão para Rescisão | H82: (%) | I82: Valor (R$)
A83: A | B83: Aviso Prévio Indenizado ( art. 487,§ 1º da CLT) | H83: =(1/12) -> 0.0833 | I83: =H83*$H$39 -> 293.17 | K83: Cálculo = Percentual de 1/12 (Campo H80) x Total da Remuneração (Campo H38)
A84: B | B84: Incidência do FGTS sobre o Aviso Prévio Indenizado ( art. 15, da Lei8.036/90) | H84: =H83*8% -> 0.0067 | I84: =H84*$H$39 -> 23.58 | K84: Cálculo = Percentual de 8% x 0,42% do APT (Campo H81) x Total da Remuneração (Campo H38)
A85: C | B85: Multa do FGTS e contribuição social sobre o Aviso Prévio Indenizado ( Lei n. 13.932/2019) | H85: =(((1+(2/12)+((1/3)*(1/12)))*0.08*0.4*0.9)) -> 0.0344 | I85: =H85*$H$39 -> 121.07 | K85: Cálculo = [1 + 12/ 2 + (1/ 3 × 12/ 1 ) ] × 0,08 × 0,4 × 0,9
A86: D | B86: Aviso Prévio Trabalhado ( art. 487,§ 1º da CLT) | H86: 0.0194 | I86: =H86*$H$39 -> 68.28 | K86: Cálculo = ((1/30)*7)/12 = Percentual de 1,94% (Campo H83) x Total da Remuneração (Campo H38)
A87: E | B87: Incidência dos encargos do submódulo 2.2 sobre o Aviso Prévio Trabalhado | H87: =H86*H59 -> 0.0071 | I87: =H87*$H$39 -> 24.99 | K87: Cálculo = Percentual do Submódulo 2.2 (Campo H58) x Percentual do Aviso Prévio Trabalhado (H83) x Total da Remuneração (Campo H38)
A88: F | B88: Multa do FGTS e contribuição social sobre o Aviso Prévio Trabalhado ( Lei n. 13.932/2019) | H88: =H86*0.08*0.4 -> 0.0006 | I88: =H88*$H$39 -> 2.11 | K88: Cálculo = 1,94%*8%*40%
A89: TOTAL | H89: =SUM(I83:I88) -> 533.2 | K89: Soma dos Itens A a F
A91: MÓDULO 04: CUSTO DE REPOSIÇÃO DO PROFISSIONAL AUSENTE
A92: Submódulo 4.1 - Ausências Legais
A93: 4.1 | B93: Substituto nas Ausências Legais | H93: (%) | I93: Valor (R$)
A94: A | B94: Substituto na Cobertura das Ferias ( Art. 7º , inciso XVII, da CLT. Art. 129 e 130 da CLT, ) | H94: =1/12 -> 0.0833 | I94: =H94*H39 -> 293.17 | K94: Cálculo = 1/12 (Campo H43) x Total da Remuneração (Campo H38)
A95: B | B95: Substituto na Cobertura das ausência por doença ( Art.131 , inciso III, da CLT. Art. 476 da CLT, ) | H95: 0.0166 | I95: =H95*$H$39 -> 58.42 | K95: Cálculo = (5,96/30)/12*100=1,66%
A96: C | B96: Substituto na Cobertura de Afastamento paternidade ( Art. 82 e 473 da CLT) | H96: =(5/30/12)*0.015 -> 0.0002 | I96: =H96*$H$39 -> 0.7 | K96: Cálculo = (5/30/12)*0,015
A97: D | B97: Substituto na Cobertura das Ausências por Acidente de Trabalho ( Art. 27 do Dec. 89312/84) | H97: =(1/12)*(0.0178) -> 0.0015 | I97: =H97*$H$39 -> 5.28 | K97: Cálculo = (1/12)*0,0178
A98: E | B98: Substituto na Cobertura de Afastamento Maternidade ( Art. 7º inc. XVIII, CF) | H98: =11.11%*5.28%*50% -> 0.0029 | I98: =H98*$H$39 -> 10.21 | K98: Cálculo = 11,11%*5,28%*50%
A99: F | B99: Substituto na Cobertura de Ausências legais ( Art. 7º, inciso XIX da CF) | H99: =(1/30/12) -> 0.0028 | I99: =H99*$H$39 -> 9.85 | K99: Cálculo= 1/30/12
A100: TOTAL | H100: =SUM(H95:H99) -> 0.024 | I100: =SUM(I94:I99) -> 377.63 | K100: Soma dos Itens A a F
A102: Submódulo 4.2 - Intrajornada
A103: 4.2 | B103: Substituto na Intrajornada | H103: (%) | I103: Valor (R$)
A104: A | B104: Substituto no Intervalo para Repouso ou Alimentação | I104: =(H32+H33+H34)*H104 -> 0
A105: TOTAL | H105: =SUM(I101:I104) -> 0
A107: QUADRO RESUMO DO MÓDULO 4 - CUSTO DE REPOSIÇÃO DO PROFISSIONAL AUSENTE
A108: 4 | B108: Encargos e Benefícios Anuais, Mensais e Diários | H108: Valor (R$)
A109: 4.1 | B109: Substituto nas Ausência Legais | H109: =I100 -> 377.63 | K109: Soma Total do Submódulo 4.1 extraída do Campo H99
A110: 4.2 | B110: Substituto na Intrajornada | H110: =H105 -> 0 | K110: Soma Total do Submódulo 4.2 extraída do Campo H105
A111: TOTAL | H111: =SUM(H109:I110) -> 377.63
A113: MÓDULO 05: INSUMOS DIVERSOS
A114: 5 | B114: Insumos Diversos | H114: Valor (R$)
A115: A | B115: Uniformes (custo mensal por empregado) | H115: =UNIFORMES!F17 -> 308.82 | K115: Cálculo = Conforme valor na planilha UNIFORMES
A116: B | B116: Materiais (custo mensal por empregado) | H116: 0 | K116: Cálculo = Se Houver, calcular o valor total dividir pela quantidade de meses do contrato, utilizando uma memória de cálculo em outra planilha
A117: C | B117: Equipamentos (custo mensal por empregado) | H117: =EQUIPAMENTOS!F25 -> 3280 | K117: Cálculo = Se Houver, calcular o valor total dividir pela quantidade de meses do contrato, utilizando uma memória de cálculo em outra planilha
...

Sheet Vigilante 12x36 Diurno (Moto)
A1: ANEXO II - PLANILHA DE COMPOSIÇÃO DE CUSTOS
A2: PLANILHA DE CUSTOS E FORMAÇÕES DE PREÇOS
B4: Processo nº: 6948/2025
B5: Licitação nº: 03/2025
B6: Empresa:
A8: DISCRIMINAÇÃO DOS SERVIÇOS (DADOS REFERENTES À CONTRATAÇÃO) | K8: MEMÓRIA DE CÁLCULO
A10: A | B10: Data de apresentação da proposta (dia/mês/ano) | G10: - | K10: Informar a Data da Apresentação da Proposta
A11: B | B11: Município/ UF | G11: Mangaratiba- RJ | K11: Informar o Município e UF
A12: C | B12: Ano Acordo, Convenção ou Sentença Normativa em Dissídio Coletivo | G12: CCT - 2026 | K12: Informar qual CCT Base e Ano
A13: D | B13: Nº de meses de execução contratual | G13: 12 | K13: Informar Nº de Meses da Execução Contratual de Acordo com o Termo de Referência
A15: IDENTIFICAÇÃO DO SERVIÇO
A16: 1 | B16: Unidade de medida | H16: Serviço | K16: Informar a Unidade de Medida de Acordo com o Termo de Referência
A17: 2 | B17: Quantidade total a contratar (em função da unidade de medida): | K17: Informar a Quantidade a Contratar de Acordo com o Termo de Referência
A18: 1 | B18: Cargo: | C18: VIGILANTE | K18: Informar o Cargo a ser Preenchido
A20: MÃO-DE-OBRA
A22: MÃO-DE-OBRA VINCULADA À EXECUÇÃO CONTRATUAL
A23: Dados complementares para composição dos custos referente à mão-de-obra
A24: 1 | B24: Tipo do serviço | H24: =C18 -> VIGILANTE | K24: Informar o Tipo de Serviço
A25: 2 | B25: Classificação Brasileira de Ocupações (CBO) | H25: 5173-30 | K25: Informar o CBO da Ocupação
A26: 3 | B26: Salário Normativo da Categoria Profissional | H26: 2440.99 | K26: Informar o Salário Normativo contido na CCT
A27: 4 | B27: Categoria profissional | H27: 2.5.7 | K27: Informar a Categoria Profissional
A28: 5 | B28: Data base da categoria | H28: 2024/2025 | K28: Informar a Data Base da Categoria
A30: MÓDULO 01: COMPOSIÇÃO DA REMUNERAÇÃO
A31: 1 | B31: Composição da remuneração | H31: Valor (R$)
A32: A | B32: Salário base | H32: =H26 -> 2440.99 | J32: =((H32/(H26/220))) -> 220 | K32: Salário Base contido na CCT ou qualquer outro valor acima deste
A33: B | B33: Adicional de periculosidade | D33: Sim/Não | E33: S | H33: =IF(E33="N",0,H32*0.3) -> 732.3 | K33: Cálculo = Se Houver Adicional - Marcar S (Campo E33) para o cálculo Salario Base (Campo H32) * 30% ser gerado no Campo H33
A34: C | B34: Adicional de insalubridade | D34: Sim/Não | E34: N | F34: 0.2 | H34: =IF(E34="N",0,F34*H32) -> 0 | K34: Cálculo = Se Houver Adicional - Marcar S (Campo E34) para o cálculo Salario Mínimo ou Regional (campo F33) x Percentual de 10%, 20% ou 40% dependendo do grau de insalubridade (campo G33) ser gerado no Campo H34
A35: D | B35: Adicional noturno
A36: E | B36: Hora noturna adicional - ou hora noturna reduzida
A37: F | B37: Adicional de hora extra no feriado
A38: G | B38: Outros (especificar)
A39: TOTAL DA REMUNERAÇÃO | H39: =SUM(H32:I38) -> 3173.29 | K39: Soma dos Itens A a G
A41: MÓDULO 02: ENCARGOS E BENEFÍCIOS ANUAIS, MENSAIS E DIÁRIOS
A42: Submódulo 2.1 - 13º (décimo terceiro) salário e adicional de férias
A43: 2.1 | B43: 13º salário e adicional de férias | H43: (%) | I43: Valor (R$)
A44: A | B44: 13º salário ( art. 7º, VIII, CF/88; Leis 4.090/1962 e 4.749/1962; Decreto 57.155/1965) | H44: =1/12 -> 0.0833 | I44: =H44*H39 -> 264.34 | K44: Cálculo = 1/12 (Campo H43) x Total da Remuneração (Campo H38)
A45: B | B45: Férias e Adicional de Férias ( Art. 7º, XVII, CF/88; Art. 129 a 153 da CLT; art. 214 § 4º do Decreto nº 3.048/99, Art. 28 § 9º, 245 alínea “d” da Lei nº 8.212/91, art. 134 e 137 da CLT) | H45: =(1/12)+(1/3/12) -> 0.1111 | I45: =H45*H39 -> 352.55 | K45: Cálculo = 1/12 (Campo H43) + 1/3/12 (Campo H43) x Total da Remuneração (Campo H38)
A46: C | B46: Incidência do submódulo 2.2 sobre o 13º Salário, Férias e Adicional de Férias ( Decreto nº 3.048/99 – Regulamento da Previdência Social) | H46: =(H44+H45)*H59 -> 0.0715 | I46: =H46*H39 -> 226.89 | K46: Cálculo = Percentuais dos Campos H43 e H44 x Total do Submódulo 2.2 (Campo H58) x Total ds Remuneração (Campo H38)
A47: TOTAL | H47: =SUM(I44:I46) -> 843.78 | K47: Soma dos Itens A a C
A49: Submódulo 2.2 - Encargos previdenciários (GPS), Fundo de Garantia por Tempo de Serviço (FGTS) e outras contribuições
A50: 2.2 | B50: GPS, FGTS e outras contribuições | H50: (%) | I50: Valor (R$)
A51: A | B51: INSS ( Lei nº 8.212/91) | H51: 0.2 | I51: =H51*$H$39 -> 634.66 | K51: Cálculo = Percentual Legal de 20% (Campo H50) x Total da Remuneração (Campo H38)
A52: B | B52: Salário Educação ( Lei nº 9.424, de 24 de dezembro de 1996) | H52: 0.025 | I52: =H52*$H$39 -> 79.33 | K52: Cálculo = Percentual Legal de 2,50% (Campo H51) x Total da Remuneração (Campo H38)
A53: C | B53: Seguro Acidente do Trabalho (RATxFAP) ( Decreto nº 3.048/99 – Regulamento da Previdência Social) | D53: RAT | E53: 3 | F53: FAT | G53: 1 | H53: =E53*G53/100 -> 0.03 | I53: =H53*$H$39 -> 95.2 | K53: Cálculo = Multiplicção dos Fatores RAT x FAT - Valor que poderá ser no máximo de 3% (Campo H52) x Total da Remuneração (Campo H38)
A54: D | B54: SESC ou SESI (Decretos-Lei 9.403/1946 (Sesi), 9.853/1946 (Sesc)) | H54: 0.015 | I54: =H54*$H$39 -> 47.6 | K54: Cálculo = Percentual Legal de 1,50% (Campo H53) x Total da Remuneração (Campo H38)
A55: E | B55: SENAI ou SENAC (Decretos-Lei 4.048/1942 (Senai), 8.621/1946 (Senac)) | H55: 0.01 | I55: =H55*$H$39 -> 31.73 | K55: Cálculo = Percentual Legal de 1,00% (Campo H54) x Total da Remuneração (Campo H38)
A56: F | B56: SEBRAE (Decreto nº 99.570 de 09 de outubro de 1990) | H56: 0.006 | I56: =H56*$H$39 -> 19.04 | K56: Cálculo = Percentual Legal de 0,60% (Campo H54) x Total da Remuneração (Campo H38)
A57: G | B57: INCRA ( Decreto-Lei nº 1.110, de 9 de julho de 1970) | H57: 0.002 | I57: =H57*$H$39 -> 6.35 | K57: Cálculo = Percentual Legal de 0,20% (Campo H54) x Total da Remuneração (Campo H38)
A58: H | B58: FGTS ( art. 15 da Lei 8.036/90) | H58: 0.08 | I58: =H58*$H$39 -> 253.86 | K58: Cálculo = Percentual Legal de 8,00% (Campo H54) x Total da Remuneração (Campo H38)
A59: TOTAL | H59: =SUM(H51:H58) -> 0.368 | I59: =SUM(I51:I58) -> 1167.77 | K59: Soma dos Itens A a H
A61: Submódulo 2.3 - Benefícios Mensais e Diários
A62: 2.3 | B62: Benefícios Mensais e Diários | H62: Valor (R$)
A63: A | B63: Transporte ( Lei n.º 7.619, de 30 de setembro de 1987) | C63: SIM/NÃO | D63: Valor | E63: Passagens | F63: Dias | G63: Desconto | H63: =IF(C64="N",0,(D64*E64*F64)-G64) -> 543.54 | K63: Caso não seja previsto Auxílio Transporte, marcar a opção "N" no Campo C63
C64: S | D64: 15 | E64: 2 | F64: 23 | G64: =H32*0.06 -> 146.46 | H64: =IF(H63>=0,H63,0) -> 543.54 | K64: Cálculo = Valor Unitário da Passagem (Campo D63) x Quant. (Campo E63) x Total de Dias (Campo F63) - Desconto (6% do Total da Remuneração - Campo G63)
A65: B | B65: Auxílio-Refeição/Alimentação (CCT) | D65: SIM/NÃO | E65: Valor | F65: Dias | G65: Desconto | H65: =IF(D66="N",0,(E66*F66)-G66) -> 828 | K65: Caso não seja previsto Auxílio Alimentaçõ/Refeição, marcar a opção "N" no Campo D65
D66: SIM/NÃO | E66: 40 | F66: 23 | G66: =E66*F66*10% -> 92 | K66: Cálculo = Valor Unitário do Vale (Campo E65) x Total de Dias (Campo F65) - Desconto (verificar se há ou não desconto na CCT e aplicar)
A67: C | B67: Seguro de vida, invalidez e funeral (CCT) | H67: 120 | K67: Inserir o valor por funcionário no campo H66 se houver previsão na CCT
A68: D | B68: Auxílio-Saúde - Plano de Assist. Médica (CCT 2024/2025RJ) | H68: 0 | K68: Cálculo = Valor Diário do Café (Campo AI68) * Dias (Campo F66)
A69: E | B69: Benefício Social Familiar (CCT 2024/2025RJ) | H69: 0
A70: F | B70: Auxílio-Saúde - Plano de Assist. Odontológica (CCT 2024/2025RJ) | H70: 0
A71: TOTAL | H71: =SUM(H63:I70) -> 2035.08 | K71: Soma dos Itens A a E
A73: QUADRO RESUMO DO MÓDULO 2 - ENCARGOS E BENEFÍCIOS ANUAIS, MENSAIS E DIÁRIOS
A75: 2 | B75: Encargos e Benefícios Anuais, Mensais e Diários | H75: Valor (R$)
A76: 2.1 | B76: 13º (décimo terceiro) Salário e Adicional de Férias | H76: =H47 -> 843.78 | K76: Soma do Total do Módulo 2.1 extraída do Campo H46
A77: 2.2 | B77: GPS, FGTS e outras contribuições | H77: =I59 -> 1167.77 | K77: Soma do Total do Módulo 2.2 extraída do Campo I58
A78: 2.3 | B78: Benefícios Mensais e Diários | H78: =H71 -> 2035.08 | K78: Soma do Total do Módulo 2.3 extraída do Campo H68
A79: TOTAL | H79: =SUM(H76:I78) -> 4046.63 | K79: Soma dos Itens 2.1 + 2.2 + 2.3
A81: MÓDULO 03: PROVISÃO PARA RESCISÃO
A82: 3 | B82: Provisão para Rescisão | H82: (%) | I82: Valor (R$)
A83: A | B83: Aviso Prévio Indenizado ( art. 487,§ 1º da CLT) | H83: =(1/12) -> 0.0833 | I83: =H83*$H$39 -> 264.34 | K83: Cálculo = Percentual de 1/12 (Campo H80) x Total da Remuneração (Campo H38)
A84: B | B84: Incidência do FGTS sobre o Aviso Prévio Indenizado ( art. 15, da Lei8.036/90) | H84: =H83*8% -> 0.0067 | I84: =H84*$H$39 -> 21.26 | K84: Cálculo = Percentual de 8% x 0,42% do APT (Campo H81) x Total da Remuneração (Campo H38)
A85: C | B85: Multa do FGTS e contribuição social sobre o Aviso Prévio Indenizado ( Lei n. 13.932/2019) | H85: =(((1+(2/12)+((1/3)*(1/12)))*0.08*0.4*0.9)) -> 0.0344 | I85: =H85*$H$39 -> 109.16 | K85: Cálculo = [1 + 12/ 2 + (1/ 3 × 12/ 1 ) ] × 0,08 × 0,4 × 0,9
A86: D | B86: Aviso Prévio Trabalhado ( art. 487,§ 1º da CLT) | H86: 0.0194 | I86: =H86*$H$39 -> 61.56 | K86: Cálculo = ((1/30)*7)/12 = Percentual de 1,94% (Campo H83) x Total da Remuneração (Campo H38)
A87: E | B87: Incidência dos encargos do submódulo 2.2 sobre o Aviso Prévio Trabalhado | H87: =H86*H59 -> 0.0071 | I87: =H87*$H$39 -> 22.53 | K87: Cálculo = Percentual do Submódulo 2.2 (Campo H58) x Percentual do Aviso Prévio Trabalhado (H83) x Total da Remuneração (Campo H38)
A88: F | B88: Multa do FGTS e contribuição social sobre o Aviso Prévio Trabalhado ( Lei n. 13.932/2019) | H88: =H86*0.08*0.4 -> 0.0006 | I88: =H88*$H$39 -> 1.9 | K88: Cálculo = 1,94%*8%*40%
A89: TOTAL | H89: =SUM(I83:I88) -> 480.75 | K89: Soma dos Itens A a F
A91: MÓDULO 04: CUSTO DE REPOSIÇÃO DO PROFISSIONAL AUSENTE
A92: Submódulo 4.1 - Ausências Legais
A93: 4.1 | B93: Substituto nas Ausências Legais | H93: (%) | I93: Valor (R$)
A94: A | B94: Substituto na Cobertura das Ferias ( Art. 7º , inciso XVII, da CLT. Art. 129 e 130 da CLT, ) | H94: =1/12 -> 0.0833 | I94: =H94*H39 -> 264.34 | K94: Cálculo = 1/12 (Campo H43) x Total da Remuneração (Campo H38)
A95: B | B95: Substituto na Cobertura das ausência por doença ( Art.131 , inciso III, da CLT. Art. 476 da CLT, ) | H95: 0.0166 | I95: =H95*$H$39 -> 52.68 | K95: Cálculo = (5,96/30)/12*100=1,66%
A96: C | B96: Substituto na Cobertura de Afastamento paternidade ( Art. 82 e 473 da CLT) | H96: =(5/30/12)*0.015 -> 0.0002 | I96: =H96*$H$39 -> 0.63 | K96: Cálculo = (5/30/12)*0,015
A97: D | B97: Substituto na Cobertura das Ausências por Acidente de Trabalho ( Art. 27 do Dec. 89312/84) | H97: =(1/12)*(0.0178) -> 0.0015 | I97: =H97*$H$39 -> 4.76 | K97: Cálculo = (1/12)*0,0178
A98: E | B98: Substituto na Cobertura de Afastamento Maternidade ( Art. 7º inc. XVIII, CF) | H98: =11.11%*5.28%*50% -> 0.0029 | I98: =H98*$H$39 -> 9.2 | K98: Cálculo = 11,11%*5,28%*50%
A99: F | B99: Substituto na Cobertura de Ausências legais ( Art. 7º, inciso XIX da CF) | H99: =(1/30/12) -> 0.0028 | I99: =H99*$H$39 -> 8.89 | K99: Cálculo= 1/30/12
A100: TOTAL | H100: =SUM(H95:H99) -> 0.024 | I100: =SUM(I94:I99) -> 340.5 | K100: Soma dos Itens A a F
A102: Submódulo 4.2 - Intrajornada
A103: 4.2 | B103: Substituto na Intrajornada | H103: (%) | I103: Valor (R$)
A104: A | B104: Substituto no Intervalo para Repouso ou Alimentação | I104: =(H32+H33+H34)*H104 -> 0
A105: TOTAL | H105: =SUM(I101:I104) -> 0
A107: QUADRO RESUMO DO MÓDULO 4 - CUSTO DE REPOSIÇÃO DO PROFISSIONAL AUSENTE
A108: 4 | B108: Encargos e Benefícios Anuais, Mensais e Diários | H108: Valor (R$)
A109: 4.1 | B109: Substituto nas Ausência Legais | H109: =I100 -> 340.5 | K109: Soma Total do Submódulo 4.1 extraída do Campo H99
A110: 4.2 | B110: Substituto na Intrajornada | H110: =H105 -> 0 | K110: Soma Total do Submódulo 4.2 extraída do Campo H105
A111: TOTAL | H111: =SUM(H109:I110) -> 340.5
A113: MÓDULO 05: INSUMOS DIVERSOS
A114: 5 | B114: Insumos Diversos | H114: Valor (R$)
A115: A | B115: Uniformes (custo mensal por empregado) | H115: =UNIFORMES!F17 -> 308.82 | K115: Cálculo = Conforme valor na planilha UNIFORMES
A116: B | B116: Materiais (custo mensal por empregado) | H116: 0 | K116: Cálculo = Se Houver, calcular o valor total dividir pela quantidade de meses do contrato, utilizando uma memória de cálculo em outra planilha
A117: C | B117: Equipamentos (custo mensal por empregado) | H117: =EQUIPAMENTOS!F37 -> 1380 | K117: Cálculo = Se Houver, calcular o valor total dividir pela quantidade de meses do contrato, utilizando uma memória de cálculo em outra planilha
...

Sheet Vigilante 12x36 Noturno (Moto)
A1: ANEXO II - PLANILHA DE COMPOSIÇÃO DE CUSTOS
A2: PLANILHA DE CUSTOS E FORMAÇÕES DE PREÇOS
B4: Processo nº: 6948/2025
B5: Licitação nº: 03/2025
B6: Empresa:
A8: DISCRIMINAÇÃO DOS SERVIÇOS (DADOS REFERENTES À CONTRATAÇÃO) | K8: MEMÓRIA DE CÁLCULO
A10: A | B10: Data de apresentação da proposta (dia/mês/ano) | G10: - | K10: Informar a Data da Apresentação da Proposta
A11: B | B11: Município/ UF | G11: Mangaratiba- RJ | K11: Informar o Município e UF
A12: C | B12: Ano Acordo, Convenção ou Sentença Normativa em Dissídio Coletivo | G12: CCT - 2026 | K12: Informar qual CCT Base e Ano
A13: D | B13: Nº de meses de execução contratual | G13: 12 | K13: Informar Nº de Meses da Execução Contratual de Acordo com o Termo de Referência
A15: IDENTIFICAÇÃO DO SERVIÇO
A16: 1 | B16: Unidade de medida | H16: Serviço | K16: Informar a Unidade de Medida de Acordo com o Termo de Referência
A17: 2 | B17: Quantidade total a contratar (em função da unidade de medida): | K17: Informar a Quantidade a Contratar de Acordo com o Termo de Referência
A18: 1 | B18: Cargo: | C18: VIGILANTE | K18: Informar o Cargo a ser Preenchido
A20: MÃO-DE-OBRA
A22: MÃO-DE-OBRA VINCULADA À EXECUÇÃO CONTRATUAL
A23: Dados complementares para composição dos custos referente à mão-de-obra
A24: 1 | B24: Tipo do serviço | H24: =C18 -> VIGILANTE | K24: Informar o Tipo de Serviço
A25: 2 | B25: Classificação Brasileira de Ocupações (CBO) | H25: 5173-30 | K25: Informar o CBO da Ocupação
A26: 3 | B26: Salário Normativo da Categoria Profissional | H26: 2440.99 | K26: Informar o Salário Normativo contido na CCT
A27: 4 | B27: Categoria profissional | H27: 2.5.7 | K27: Informar a Categoria Profissional
A28: 5 | B28: Data base da categoria | H28: 2024/2025 | K28: Informar a Data Base da Categoria
A30: MÓDULO 01: COMPOSIÇÃO DA REMUNERAÇÃO
A31: 1 | B31: Composição da remuneração | H31: Valor (R$)
A32: A | B32: Salário base | H32: =H26 -> 2440.99 | J32: =((H32/(H26/220))) -> 220 | K32: Salário Base contido na CCT ou qualquer outro valor acima deste
A33: B | B33: Adicional de periculosidade | D33: Sim/Não | E33: S | H33: =IF(E33="N",0,H32*0.3) -> 732.3 | K33: Cálculo = Se Houver Adicional - Marcar S (Campo E33) para o cálculo Salario Base (Campo H32) * 30% ser gerado no Campo H33
A34: C | B34: Adicional de insalubridade | D34: Sim/Não | E34: N | F34: 0.2 | H34: =IF(E34="N",0,F34*H32) -> 0 | K34: Cálculo = Se Houver Adicional - Marcar S (Campo E34) para o cálculo Salario Mínimo ou Regional (campo F33) x Percentual de 10%, 20% ou 40% dependendo do grau de insalubridade (campo G33) ser gerado no Campo H34
A35: D | B35: Adicional noturno | H35: =(H32+H33)/220*20%*8*15 -> 346.18 | K35: Cálculo = (H32+H33)/220*20%*8*15
A36: E | B36: Hora noturna adicional - ou hora noturna reduzida
A37: F | B37: Adicional de hora extra no feriado
A38: G | B38: Outros (especificar)
A39: TOTAL DA REMUNERAÇÃO | H39: =SUM(H32:I38) -> 3519.47 | K39: Soma dos Itens A a G
A41: MÓDULO 02: ENCARGOS E BENEFÍCIOS ANUAIS, MENSAIS E DIÁRIOS
A42: Submódulo 2.1 - 13º (décimo terceiro) salário e adicional de férias
A43: 2.1 | B43: 13º salário e adicional de férias | H43: (%) | I43: Valor (R$)
A44: A | B44: 13º salário ( art. 7º, VIII, CF/88; Leis 4.090/1962 e 4.749/1962; Decreto 57.155/1965) | H44: =1/12 -> 0.0833 | I44: =H44*H39 -> 293.17 | K44: Cálculo = 1/12 (Campo H43) x Total da Remuneração (Campo H38)
A45: B | B45: Férias e Adicional de Férias ( Art. 7º, XVII, CF/88; Art. 129 a 153 da CLT; art. 214 § 4º do Decreto nº 3.048/99, Art. 28 § 9º, 245 alínea “d” da Lei nº 8.212/91, art. 134 e 137 da CLT) | H45: =(1/12)+(1/3/12) -> 0.1111 | I45: =H45*H39 -> 391.01 | K45: Cálculo = 1/12 (Campo H43) + 1/3/12 (Campo H43) x Total da Remuneração (Campo H38)
A46: C | B46: Incidência do submódulo 2.2 sobre o 13º Salário, Férias e Adicional de Férias ( Decreto nº 3.048/99 – Regulamento da Previdência Social) | H46: =(H44+H45)*H59 -> 0.0715 | I46: =H46*H39 -> 251.64 | K46: Cálculo = Percentuais dos Campos H43 e H44 x Total do Submódulo 2.2 (Campo H58) x Total ds Remuneração (Campo H38)
A47: TOTAL | H47: =SUM(I44:I46) -> 935.82 | K47: Soma dos Itens A a C
A49: Submódulo 2.2 - Encargos previdenciários (GPS), Fundo de Garantia por Tempo de Serviço (FGTS) e outras contribuições
A50: 2.2 | B50: GPS, FGTS e outras contribuições | H50: (%) | I50: Valor (R$)
A51: A | B51: INSS ( Lei nº 8.212/91) | H51: 0.2 | I51: =H51*$H$39 -> 703.89 | K51: Cálculo = Percentual Legal de 20% (Campo H50) x Total da Remuneração (Campo H38)
A52: B | B52: Salário Educação ( Lei nº 9.424, de 24 de dezembro de 1996) | H52: 0.025 | I52: =H52*$H$39 -> 87.99 | K52: Cálculo = Percentual Legal de 2,50% (Campo H51) x Total da Remuneração (Campo H38)
A53: C | B53: Seguro Acidente do Trabalho (RATxFAP) ( Decreto nº 3.048/99 – Regulamento da Previdência Social) | D53: RAT | E53: 3 | F53: FAT | G53: 1 | H53: =E53*G53/100 -> 0.03 | I53: =H53*$H$39 -> 105.58 | K53: Cálculo = Multiplicção dos Fatores RAT x FAT - Valor que poderá ser no máximo de 3% (Campo H52) x Total da Remuneração (Campo H38)
A54: D | B54: SESC ou SESI (Decretos-Lei 9.403/1946 (Sesi), 9.853/1946 (Sesc)) | H54: 0.015 | I54: =H54*$H$39 -> 52.79 | K54: Cálculo = Percentual Legal de 1,50% (Campo H53) x Total da Remuneração (Campo H38)
A55: E | B55: SENAI ou SENAC (Decretos-Lei 4.048/1942 (Senai), 8.621/1946 (Senac)) | H55: 0.01 | I55: =H55*$H$39 -> 35.19 | K55: Cálculo = Percentual Legal de 1,00% (Campo H54) x Total da Remuneração (Campo H38)
A56: F | B56: SEBRAE (Decreto nº 99.570 de 09 de outubro de 1990) | H56: 0.006 | I56: =H56*$H$39 -> 21.12 | K56: Cálculo = Percentual Legal de 0,60% (Campo H54) x Total da Remuneração (Campo H38)
A57: G | B57: INCRA ( Decreto-Lei nº 1.110, de 9 de julho de 1970) | H57: 0.002 | I57: =H57*$H$39 -> 7.04 | K57: Cálculo = Percentual Legal de 0,20% (Campo H54) x Total da Remuneração (Campo H38)
A58: H | B58: FGTS ( art. 15 da Lei 8.036/90) | H58: 0.08 | I58: =H58*$H$39 -> 281.56 | K58: Cálculo = Percentual Legal de 8,00% (Campo H54) x Total da Remuneração (Campo H38)
A59: TOTAL | H59: =SUM(H51:H58) -> 0.368 | I59: =SUM(I51:I58) -> 1295.16 | K59: Soma dos Itens A a H
A61: Submódulo 2.3 - Benefícios Mensais e Diários
A62: 2.3 | B62: Benefícios Mensais e Diários | H62: Valor (R$)
A63: A | B63: Transporte ( Lei n.º 7.619, de 30 de setembro de 1987) | C63: SIM/NÃO | D63: Valor | E63: Passagens | F63: Dias | G63: Desconto | H63: =IF(C64="N",0,(D64*E64*F64)-G64) -> 543.54 | K63: Caso não seja previsto Auxílio Transporte, marcar a opção "N" no Campo C63
C64: S | D64: 15 | E64: 2 | F64: 23 | G64: =H32*0.06 -> 146.46 | H64: =IF(H63>=0,H63,0) -> 543.54 | K64: Cálculo = Valor Unitário da Passagem (Campo D63) x Quant. (Campo E63) x Total de Dias (Campo F63) - Desconto (6% do Total da Remuneração - Campo G63)
A65: B | B65: Auxílio-Refeição/Alimentação (CCT) | D65: SIM/NÃO | E65: Valor | F65: Dias | G65: Desconto | H65: =IF(D66="N",0,(E66*F66)-G66) -> 828 | K65: Caso não seja previsto Auxílio Alimentaçõ/Refeição, marcar a opção "N" no Campo D65
D66: SIM/NÃO | E66: 40 | F66: 23 | G66: =E66*F66*10% -> 92 | K66: Cálculo = Valor Unitário do Vale (Campo E65) x Total de Dias (Campo F65) - Desconto (verificar se há ou não desconto na CCT e aplicar)
A67: C | B67: Seguro de vida, invalidez e funeral (CCT) | H67: 120 | K67: Inserir o valor por funcionário no campo H66 se houver previsão na CCT
A68: D | B68: Auxílio-Saúde - Plano de Assist. Médica (CCT 2024/2025RJ) | H68: 0 | K68: Cálculo = Valor Diário do Café (Campo AI68) * Dias (Campo F66)
A69: E | B69: Benefício Social Familiar (CCT 2024/2025RJ) | H69: 0
A70: F | B70: Auxílio-Saúde - Plano de Assist. Odontológica (CCT 2024/2025RJ) | H70: 0
A71: TOTAL | H71: =SUM(H63:I70) -> 2035.08 | K71: Soma dos Itens A a E
A73: QUADRO RESUMO DO MÓDULO 2 - ENCARGOS E BENEFÍCIOS ANUAIS, MENSAIS E DIÁRIOS
A75: 2 | B75: Encargos e Benefícios Anuais, Mensais e Diários | H75: Valor (R$)
A76: 2.1 | B76: 13º (décimo terceiro) Salário e Adicional de Férias | H76: =H47 -> 935.82 | K76: Soma do Total do Módulo 2.1 extraída do Campo H46
A77: 2.2 | B77: GPS, FGTS e outras contribuições | H77: =I59 -> 1295.16 | K77: Soma do Total do Módulo 2.2 extraída do Campo I58
A78: 2.3 | B78: Benefícios Mensais e Diários | H78: =H71 -> 2035.08 | K78: Soma do Total do Módulo 2.3 extraída do Campo H68
A79: TOTAL | H79: =SUM(H76:I78) -> 4266.06 | K79: Soma dos Itens 2.1 + 2.2 + 2.3
A81: MÓDULO 03: PROVISÃO PARA RESCISÃO
A82: 3 | B82: Provisão para Rescisão | H82: (%) | I82: Valor (R$)
A83: A | B83: Aviso Prévio Indenizado ( art. 487,§ 1º da CLT) | H83: =(1/12) -> 0.0833 | I83: =H83*$H$39 -> 293.17 | K83: Cálculo = Percentual de 1/12 (Campo H80) x Total da Remuneração (Campo H38)
A84: B | B84: Incidência do FGTS sobre o Aviso Prévio Indenizado ( art. 15, da Lei8.036/90) | H84: =H83*8% -> 0.0067 | I84: =H84*$H$39 -> 23.58 | K84: Cálculo = Percentual de 8% x 0,42% do APT (Campo H81) x Total da Remuneração (Campo H38)
A85: C | B85: Multa do FGTS e contribuição social sobre o Aviso Prévio Indenizado ( Lei n. 13.932/2019) | H85: =(((1+(2/12)+((1/3)*(1/12)))*0.08*0.4*0.9)) -> 0.0344 | I85: =H85*$H$39 -> 121.07 | K85: Cálculo = [1 + 12/ 2 + (1/ 3 × 12/ 1 ) ] × 0,08 × 0,4 × 0,9
A86: D | B86: Aviso Prévio Trabalhado ( art. 487,§ 1º da CLT) | H86: 0.0194 | I86: =H86*$H$39 -> 68.28 | K86: Cálculo = ((1/30)*7)/12 = Percentual de 1,94% (Campo H83) x Total da Remuneração (Campo H38)
A87: E | B87: Incidência dos encargos do submódulo 2.2 sobre o Aviso Prévio Trabalhado | H87: =H86*H59 -> 0.0071 | I87: =H87*$H$39 -> 24.99 | K87: Cálculo = Percentual do Submódulo 2.2 (Campo H58) x Percentual do Aviso Prévio Trabalhado (H83) x Total da Remuneração (Campo H38)
A88: F | B88: Multa do FGTS e contribuição social sobre o Aviso Prévio Trabalhado ( Lei n. 13.932/2019) | H88: =H86*0.08*0.4 -> 0.0006 | I88: =H88*$H$39 -> 2.11 | K88: Cálculo = 1,94%*8%*40%
A89: TOTAL | H89: =SUM(I83:I88) -> 533.2 | K89: Soma dos Itens A a F
A91: MÓDULO 04: CUSTO DE REPOSIÇÃO DO PROFISSIONAL AUSENTE
A92: Submódulo 4.1 - Ausências Legais
A93: 4.1 | B93: Substituto nas Ausências Legais | H93: (%) | I93: Valor (R$)
A94: A | B94: Substituto na Cobertura das Ferias ( Art. 7º , inciso XVII, da CLT. Art. 129 e 130 da CLT, ) | H94: =1/12 -> 0.0833 | I94: =H94*H39 -> 293.17 | K94: Cálculo = 1/12 (Campo H43) x Total da Remuneração (Campo H38)
A95: B | B95: Substituto na Cobertura das ausência por doença ( Art.131 , inciso III, da CLT. Art. 476 da CLT, ) | H95: 0.0166 | I95: =H95*$H$39 -> 58.42 | K95: Cálculo = (5,96/30)/12*100=1,66%
A96: C | B96: Substituto na Cobertura de Afastamento paternidade ( Art. 82 e 473 da CLT) | H96: =(5/30/12)*0.015 -> 0.0002 | I96: =H96*$H$39 -> 0.7 | K96: Cálculo = (5/30/12)*0,015
A97: D | B97: Substituto na Cobertura das Ausências por Acidente de Trabalho ( Art. 27 do Dec. 89312/84) | H97: =(1/12)*(0.0178) -> 0.0015 | I97: =H97*$H$39 -> 5.28 | K97: Cálculo = (1/12)*0,0178
A98: E | B98: Substituto na Cobertura de Afastamento Maternidade ( Art. 7º inc. XVIII, CF) | H98: =11.11%*5.28%*50% -> 0.0029 | I98: =H98*$H$39 -> 10.21 | K98: Cálculo = 11,11%*5,28%*50%
A99: F | B99: Substituto na Cobertura de Ausências legais ( Art. 7º, inciso XIX da CF) | H99: =(1/30/12) -> 0.0028 | I99: =H99*$H$39 -> 9.85 | K99: Cálculo= 1/30/12
A100: TOTAL | H100: =SUM(H95:H99) -> 0.024 | I100: =SUM(I94:I99) -> 377.63 | K100: Soma dos Itens A a F
A102: Submódulo 4.2 - Intrajornada
A103: 4.2 | B103: Substituto na Intrajornada | H103: (%) | I103: Valor (R$)
A104: A | B104: Substituto no Intervalo para Repouso ou Alimentação | I104: =(H32+H33+H34)*H104 -> 0
A105: TOTAL | H105: =SUM(I101:I104) -> 0
A107: QUADRO RESUMO DO MÓDULO 4 - CUSTO DE REPOSIÇÃO DO PROFISSIONAL AUSENTE
A108: 4 | B108: Encargos e Benefícios Anuais, Mensais e Diários | H108: Valor (R$)
A109: 4.1 | B109: Substituto nas Ausência Legais | H109: =I100 -> 377.63 | K109: Soma Total do Submódulo 4.1 extraída do Campo H99
A110: 4.2 | B110: Substituto na Intrajornada | H110: =H105 -> 0 | K110: Soma Total do Submódulo 4.2 extraída do Campo H105
A111: TOTAL | H111: =SUM(H109:I110) -> 377.63
A113: MÓDULO 05: INSUMOS DIVERSOS
A114: 5 | B114: Insumos Diversos | H114: Valor (R$)
A115: A | B115: Uniformes (custo mensal por empregado) | H115: =UNIFORMES!F17 -> 308.82 | K115: Cálculo = Conforme valor na planilha UNIFORMES
A116: B | B116: Materiais (custo mensal por empregado) | H116: 0 | K116: Cálculo = Se Houver, calcular o valor total dividir pela quantidade de meses do contrato, utilizando uma memória de cálculo em outra planilha
A117: C | B117: Equipamentos (custo mensal por empregado) | H117: =EQUIPAMENTOS!F37 -> 1380 | K117: Cálculo = Se Houver, calcular o valor total dividir pela quantidade de meses do contrato, utilizando uma memória de cálculo em outra planilha
...

Sheet Vigilante Eqip. Eletronico dia
A1: ANEXO II - PLANILHA DE COMPOSIÇÃO DE CUSTOS
A2: PLANILHA DE CUSTOS E FORMAÇÕES DE PREÇOS
B4: Processo nº: 6948/2025
B5: Licitação nº: 03/2025
B6: Empresa:
A8: DISCRIMINAÇÃO DOS SERVIÇOS (DADOS REFERENTES À CONTRATAÇÃO) | K8: MEMÓRIA DE CÁLCULO
A10: A | B10: Data de apresentação da proposta (dia/mês/ano) | G10: - | K10: Informar a Data da Apresentação da Proposta
A11: B | B11: Município/ UF | G11: Mangaratiba- RJ | K11: Informar o Município e UF
A12: C | B12: Ano Acordo, Convenção ou Sentença Normativa em Dissídio Coletivo | G12: CCT - 2026 | K12: Informar qual CCT Base e Ano
A13: D | B13: Nº de meses de execução contratual | G13: 12 | K13: Informar Nº de Meses da Execução Contratual de Acordo com o Termo de Referência
A15: IDENTIFICAÇÃO DO SERVIÇO
A16: 1 | B16: Unidade de medida | H16: Serviço | K16: Informar a Unidade de Medida de Acordo com o Termo de Referência
A17: 2 | B17: Quantidade total a contratar (em função da unidade de medida): | K17: Informar a Quantidade a Contratar de Acordo com o Termo de Referência
A18: 1 | B18: Cargo: | C18: VIGILANTE | K18: Informar o Cargo a ser Preenchido
A20: MÃO-DE-OBRA
A22: MÃO-DE-OBRA VINCULADA À EXECUÇÃO CONTRATUAL
A23: Dados complementares para composição dos custos referente à mão-de-obra
A24: 1 | B24: Tipo do serviço | H24: =C18 -> VIGILANTE | K24: Informar o Tipo de Serviço
A25: 2 | B25: Classificação Brasileira de Ocupações (CBO) | H25: 5173-30 | K25: Informar o CBO da Ocupação
A26: 3 | B26: Salário Normativo da Categoria Profissional | H26: 2034.15 | K26: Informar o Salário Normativo contido na CCT
A27: 4 | B27: Categoria profissional | H27: 2.5.7 | K27: Informar a Categoria Profissional
A28: 5 | B28: Data base da categoria | H28: 2024/2025 | K28: Informar a Data Base da Categoria
A30: MÓDULO 01: COMPOSIÇÃO DA REMUNERAÇÃO
A31: 1 | B31: Composição da remuneração | H31: Valor (R$)
A32: A | B32: Salário base | H32: =H26 -> 2034.15 | J32: =((H32/(H26/220))) -> 220 | K32: Salário Base contido na CCT ou qualquer outro valor acima deste
A33: B | B33: Adicional de periculosidade | D33: Sim/Não | E33: S | H33: =IF(E33="N",0,H32*0.3) -> 610.25 | K33: Cálculo = Se Houver Adicional - Marcar S (Campo E33) para o cálculo Salario Base (Campo H32) * 30% ser gerado no Campo H33
A34: C | B34: Adicional de insalubridade | D34: Sim/Não | E34: N | F34: 0.2 | H34: =IF(E34="N",0,F34*H32) -> 0 | K34: Cálculo = Se Houver Adicional - Marcar S (Campo E34) para o cálculo Salario Mínimo ou Regional (campo F33) x Percentual de 10%, 20% ou 40% dependendo do grau de insalubridade (campo G33) ser gerado no Campo H34
A35: D | B35: Adicional noturno
A36: E | B36: Hora noturna adicional - ou hora noturna reduzida
A37: F | B37: Adicional de hora extra no feriado
A38: G | B38: Outros (especificar)
A39: TOTAL DA REMUNERAÇÃO | H39: =SUM(H32:I38) -> 2644.4 | K39: Soma dos Itens A a G
A41: MÓDULO 02: ENCARGOS E BENEFÍCIOS ANUAIS, MENSAIS E DIÁRIOS
A42: Submódulo 2.1 - 13º (décimo terceiro) salário e adicional de férias
A43: 2.1 | B43: 13º salário e adicional de férias | H43: (%) | I43: Valor (R$)
A44: A | B44: 13º salário ( art. 7º, VIII, CF/88; Leis 4.090/1962 e 4.749/1962; Decreto 57.155/1965) | H44: =1/12 -> 0.0833 | I44: =H44*H39 -> 220.28 | K44: Cálculo = 1/12 (Campo H43) x Total da Remuneração (Campo H38)
A45: B | B45: Férias e Adicional de Férias ( Art. 7º, XVII, CF/88; Art. 129 a 153 da CLT; art. 214 § 4º do Decreto nº 3.048/99, Art. 28 § 9º, 245 alínea “d” da Lei nº 8.212/91, art. 134 e 137 da CLT) | H45: =(1/12)+(1/3/12) -> 0.1111 | I45: =H45*H39 -> 293.79 | K45: Cálculo = 1/12 (Campo H43) + 1/3/12 (Campo H43) x Total da Remuneração (Campo H38)
A46: C | B46: Incidência do submódulo 2.2 sobre o 13º Salário, Férias e Adicional de Férias ( Decreto nº 3.048/99 – Regulamento da Previdência Social) | H46: =(H44+H45)*H59 -> 0.0715 | I46: =H46*H39 -> 189.07 | K46: Cálculo = Percentuais dos Campos H43 e H44 x Total do Submódulo 2.2 (Campo H58) x Total ds Remuneração (Campo H38)
A47: TOTAL | H47: =SUM(I44:I46) -> 703.14 | K47: Soma dos Itens A a C
A49: Submódulo 2.2 - Encargos previdenciários (GPS), Fundo de Garantia por Tempo de Serviço (FGTS) e outras contribuições
A50: 2.2 | B50: GPS, FGTS e outras contribuições | H50: (%) | I50: Valor (R$)
A51: A | B51: INSS ( Lei nº 8.212/91) | H51: 0.2 | I51: =H51*$H$39 -> 528.88 | K51: Cálculo = Percentual Legal de 20% (Campo H50) x Total da Remuneração (Campo H38)
A52: B | B52: Salário Educação ( Lei nº 9.424, de 24 de dezembro de 1996) | H52: 0.025 | I52: =H52*$H$39 -> 66.11 | K52: Cálculo = Percentual Legal de 2,50% (Campo H51) x Total da Remuneração (Campo H38)
A53: C | B53: Seguro Acidente do Trabalho (RATxFAP) ( Decreto nº 3.048/99 – Regulamento da Previdência Social) | D53: RAT | E53: 3 | F53: FAT | G53: 1 | H53: =E53*G53/100 -> 0.03 | I53: =H53*$H$39 -> 79.33 | K53: Cálculo = Multiplicção dos Fatores RAT x FAT - Valor que poderá ser no máximo de 3% (Campo H52) x Total da Remuneração (Campo H38)
A54: D | B54: SESC ou SESI (Decretos-Lei 9.403/1946 (Sesi), 9.853/1946 (Sesc)) | H54: 0.015 | I54: =H54*$H$39 -> 39.67 | K54: Cálculo = Percentual Legal de 1,50% (Campo H53) x Total da Remuneração (Campo H38)
A55: E | B55: SENAI ou SENAC (Decretos-Lei 4.048/1942 (Senai), 8.621/1946 (Senac)) | H55: 0.01 | I55: =H55*$H$39 -> 26.44 | K55: Cálculo = Percentual Legal de 1,00% (Campo H54) x Total da Remuneração (Campo H38)
A56: F | B56: SEBRAE (Decreto nº 99.570 de 09 de outubro de 1990) | H56: 0.006 | I56: =H56*$H$39 -> 15.87 | K56: Cálculo = Percentual Legal de 0,60% (Campo H54) x Total da Remuneração (Campo H38)
A57: G | B57: INCRA ( Decreto-Lei nº 1.110, de 9 de julho de 1970) | H57: 0.002 | I57: =H57*$H$39 -> 5.29 | K57: Cálculo = Percentual Legal de 0,20% (Campo H54) x Total da Remuneração (Campo H38)
A58: H | B58: FGTS ( art. 15 da Lei 8.036/90) | H58: 0.08 | I58: =H58*$H$39 -> 211.55 | K58: Cálculo = Percentual Legal de 8,00% (Campo H54) x Total da Remuneração (Campo H38)
A59: TOTAL | H59: =SUM(H51:H58) -> 0.368 | I59: =SUM(I51:I58) -> 973.14 | K59: Soma dos Itens A a H
A61: Submódulo 2.3 - Benefícios Mensais e Diários
A62: 2.3 | B62: Benefícios Mensais e Diários | H62: Valor (R$)
A63: A | B63: Transporte ( Lei n.º 7.619, de 30 de setembro de 1987) | C63: SIM/NÃO | D63: Valor | E63: Passagens | F63: Dias | G63: Desconto | H63: =IF(C64="N",0,(D64*E64*F64)-G64) -> 567.95 | K63: Caso não seja previsto Auxílio Transporte, marcar a opção "N" no Campo C63
C64: S | D64: 15 | E64: 2 | F64: 23 | G64: =H32*0.06 -> 122.05 | H64: =IF(H63>=0,H63,0) -> 567.95 | K64: Cálculo = Valor Unitário da Passagem (Campo D63) x Quant. (Campo E63) x Total de Dias (Campo F63) - Desconto (6% do Total da Remuneração - Campo G63)
A65: B | B65: Auxílio-Refeição/Alimentação (CCT) | D65: SIM/NÃO | E65: Valor | F65: Dias | G65: Desconto | H65: =IF(D66="N",0,(E66*F66)-G66) -> 828 | K65: Caso não seja previsto Auxílio Alimentaçõ/Refeição, marcar a opção "N" no Campo D65
D66: SIM/NÃO | E66: 40 | F66: 23 | G66: =E66*F66*10% -> 92 | K66: Cálculo = Valor Unitário do Vale (Campo E65) x Total de Dias (Campo F65) - Desconto (verificar se há ou não desconto na CCT e aplicar)
A67: C | B67: Seguro de vida, invalidez e funeral (CCT) | H67: 120 | K67: Inserir o valor por funcionário no campo H66 se houver previsão na CCT
A68: D | B68: Auxílio-Saúde - Plano de Assist. Médica (CCT 2024/2025RJ) | H68: 0 | K68: Cálculo = Valor Diário do Café (Campo AI68) * Dias (Campo F66)
A69: E | B69: Benefício Social Familiar (CCT 2024/2025RJ) | H69: 0
A70: F | B70: Auxílio-Saúde - Plano de Assist. Odontológica (CCT 2024/2025RJ) | H70: 0
A71: TOTAL | H71: =SUM(H63:I70) -> 2083.9 | K71: Soma dos Itens A a E
A73: QUADRO RESUMO DO MÓDULO 2 - ENCARGOS E BENEFÍCIOS ANUAIS, MENSAIS E DIÁRIOS
A75: 2 | B75: Encargos e Benefícios Anuais, Mensais e Diários | H75: Valor (R$)
A76: 2.1 | B76: 13º (décimo terceiro) Salário e Adicional de Férias | H76: =H47 -> 703.14 | K76: Soma do Total do Módulo 2.1 extraída do Campo H46
A77: 2.2 | B77: GPS, FGTS e outras contribuições | H77: =I59 -> 973.14 | K77: Soma do Total do Módulo 2.2 extraída do Campo I58
A78: 2.3 | B78: Benefícios Mensais e Diários | H78: =H71 -> 2083.9 | K78: Soma do Total do Módulo 2.3 extraída do Campo H68
A79: TOTAL | H79: =SUM(H76:I78) -> 3760.18 | K79: Soma dos Itens 2.1 + 2.2 + 2.3
A81: MÓDULO 03: PROVISÃO PARA RESCISÃO
A82: 3 | B82: Provisão para Rescisão | H82: (%) | I82: Valor (R$)
A83: A | B83: Aviso Prévio Indenizado ( art. 487,§ 1º da CLT) | H83: =(1/12) -> 0.0833 | I83: =H83*$H$39 -> 220.28 | K83: Cálculo = Percentual de 1/12 (Campo H80) x Total da Remuneração (Campo H38)
A84: B | B84: Incidência do FGTS sobre o Aviso Prévio Indenizado ( art. 15, da Lei8.036/90) | H84: =H83*8% -> 0.0067 | I84: =H84*$H$39 -> 17.72 | K84: Cálculo = Percentual de 8% x 0,42% do APT (Campo H81) x Total da Remuneração (Campo H38)
A85: C | B85: Multa do FGTS e contribuição social sobre o Aviso Prévio Indenizado ( Lei n. 13.932/2019) | H85: =(((1+(2/12)+((1/3)*(1/12)))*0.08*0.4*0.9)) -> 0.0344 | I85: =H85*$H$39 -> 90.97 | K85: Cálculo = [1 + 12/ 2 + (1/ 3 × 12/ 1 ) ] × 0,08 × 0,4 × 0,9
A86: D | B86: Aviso Prévio Trabalhado ( art. 487,§ 1º da CLT) | H86: 0.0194 | I86: =H86*$H$39 -> 51.3 | K86: Cálculo = ((1/30)*7)/12 = Percentual de 1,94% (Campo H83) x Total da Remuneração (Campo H38)
A87: E | B87: Incidência dos encargos do submódulo 2.2 sobre o Aviso Prévio Trabalhado | H87: =H86*H59 -> 0.0071 | I87: =H87*$H$39 -> 18.78 | K87: Cálculo = Percentual do Submódulo 2.2 (Campo H58) x Percentual do Aviso Prévio Trabalhado (H83) x Total da Remuneração (Campo H38)
A88: F | B88: Multa do FGTS e contribuição social sobre o Aviso Prévio Trabalhado ( Lei n. 13.932/2019) | H88: =H86*0.08*0.4 -> 0.0006 | I88: =H88*$H$39 -> 1.59 | K88: Cálculo = 1,94%*8%*40%
A89: TOTAL | H89: =SUM(I83:I88) -> 400.64 | K89: Soma dos Itens A a F
A91: MÓDULO 04: CUSTO DE REPOSIÇÃO DO PROFISSIONAL AUSENTE
A92: Submódulo 4.1 - Ausências Legais
A93: 4.1 | B93: Substituto nas Ausências Legais | H93: (%) | I93: Valor (R$)
A94: A | B94: Substituto na Cobertura das Ferias ( Art. 7º , inciso XVII, da CLT. Art. 129 e 130 da CLT, ) | H94: =1/12 -> 0.0833 | I94: =H94*H39 -> 220.28 | K94: Cálculo = 1/12 (Campo H43) x Total da Remuneração (Campo H38)
A95: B | B95: Substituto na Cobertura das ausência por doença ( Art.131 , inciso III, da CLT. Art. 476 da CLT, ) | H95: 0.0166 | I95: =H95*$H$39 -> 43.9 | K95: Cálculo = (5,96/30)/12*100=1,66%
A96: C | B96: Substituto na Cobertura de Afastamento paternidade ( Art. 82 e 473 da CLT) | H96: =(5/30/12)*0.015 -> 0.0002 | I96: =H96*$H$39 -> 0.53 | K96: Cálculo = (5/30/12)*0,015
A97: D | B97: Substituto na Cobertura das Ausências por Acidente de Trabalho ( Art. 27 do Dec. 89312/84) | H97: =(1/12)*(0.0178) -> 0.0015 | I97: =H97*$H$39 -> 3.97 | K97: Cálculo = (1/12)*0,0178
A98: E | B98: Substituto na Cobertura de Afastamento Maternidade ( Art. 7º inc. XVIII, CF) | H98: =11.11%*5.28%*50% -> 0.0029 | I98: =H98*$H$39 -> 7.67 | K98: Cálculo = 11,11%*5,28%*50%
A99: F | B99: Substituto na Cobertura de Ausências legais ( Art. 7º, inciso XIX da CF) | H99: =(1/30/12) -> 0.0028 | I99: =H99*$H$39 -> 7.4 | K99: Cálculo= 1/30/12
A100: TOTAL | H100: =SUM(H95:H99) -> 0.024 | I100: =SUM(I94:I99) -> 283.75 | K100: Soma dos Itens A a F
A102: Submódulo 4.2 - Intrajornada
A103: 4.2 | B103: Substituto na Intrajornada | H103: (%) | I103: Valor (R$)
A104: A | B104: Substituto no Intervalo para Repouso ou Alimentação | I104: =(H32+H33+H34)*H104 -> 0
A105: TOTAL | H105: =SUM(I101:I104) -> 0
A107: QUADRO RESUMO DO MÓDULO 4 - CUSTO DE REPOSIÇÃO DO PROFISSIONAL AUSENTE
A108: 4 | B108: Encargos e Benefícios Anuais, Mensais e Diários | H108: Valor (R$)
A109: 4.1 | B109: Substituto nas Ausência Legais | H109: =I100 -> 283.75 | K109: Soma Total do Submódulo 4.1 extraída do Campo H99
A110: 4.2 | B110: Substituto na Intrajornada | H110: =H105 -> 0 | K110: Soma Total do Submódulo 4.2 extraída do Campo H105
A111: TOTAL | H111: =SUM(H109:I110) -> 283.75
A113: MÓDULO 05: INSUMOS DIVERSOS
A114: 5 | B114: Insumos Diversos | H114: Valor (R$)
A115: A | B115: Uniformes (custo mensal por empregado) | H115: =UNIFORMES!F17 -> 308.82 | K115: Cálculo = Conforme valor na planilha UNIFORMES
A116: B | B116: Materiais (custo mensal por empregado) | H116: 0 | K116: Cálculo = Se Houver, calcular o valor total dividir pela quantidade de meses do contrato, utilizando uma memória de cálculo em outra planilha
A117: C | B117: Equipamentos (custo mensal por empregado) | H117: =EQUIPAMENTOS!F50 -> 102.5 | K117: Cálculo = Se Houver, calcular o valor total dividir pela quantidade de meses do contrato, utilizando uma memória de cálculo em outra planilha
...

Sheet Vigilante Eqip. Eletronico noit
A1: ANEXO II - PLANILHA DE COMPOSIÇÃO DE CUSTOS
A2: PLANILHA DE CUSTOS E FORMAÇÕES DE PREÇOS
B4: Processo nº: 6948/2025
B5: Licitação nº: 03/2025
B6: Empresa:
A8: DISCRIMINAÇÃO DOS SERVIÇOS (DADOS REFERENTES À CONTRATAÇÃO) | K8: MEMÓRIA DE CÁLCULO
A10: A | B10: Data de apresentação da proposta (dia/mês/ano) | G10: - | K10: Informar a Data da Apresentação da Proposta
A11: B | B11: Município/ UF | G11: Mangaratiba- RJ | K11: Informar o Município e UF
A12: C | B12: Ano Acordo, Convenção ou Sentença Normativa em Dissídio Coletivo | G12: CCT - 2026 | K12: Informar qual CCT Base e Ano
A13: D | B13: Nº de meses de execução contratual | G13: 12 | K13: Informar Nº de Meses da Execução Contratual de Acordo com o Termo de Referência
A15: IDENTIFICAÇÃO DO SERVIÇO
A16: 1 | B16: Unidade de medida | H16: Serviço | K16: Informar a Unidade de Medida de Acordo com o Termo de Referência
A17: 2 | B17: Quantidade total a contratar (em função da unidade de medida): | K17: Informar a Quantidade a Contratar de Acordo com o Termo de Referência
A18: 1 | B18: Cargo: | C18: VIGILANTE | K18: Informar o Cargo a ser Preenchido
A20: MÃO-DE-OBRA
A22: MÃO-DE-OBRA VINCULADA À EXECUÇÃO CONTRATUAL
A23: Dados complementares para composição dos custos referente à mão-de-obra
A24: 1 | B24: Tipo do serviço | H24: =C18 -> VIGILANTE | K24: Informar o Tipo de Serviço
A25: 2 | B25: Classificação Brasileira de Ocupações (CBO) | H25: 5173-30 | K25: Informar o CBO da Ocupação
A26: 3 | B26: Salário Normativo da Categoria Profissional | H26: 2034.15 | K26: Informar o Salário Normativo contido na CCT
A27: 4 | B27: Categoria profissional | H27: 2.5.7 | K27: Informar a Categoria Profissional
A28: 5 | B28: Data base da categoria | H28: 2024/2025 | K28: Informar a Data Base da Categoria
A30: MÓDULO 01: COMPOSIÇÃO DA REMUNERAÇÃO
A31: 1 | B31: Composição da remuneração | H31: Valor (R$)
A32: A | B32: Salário base | H32: =H26 -> 2034.15 | J32: =((H32/(H26/220))) -> 220 | K32: Salário Base contido na CCT ou qualquer outro valor acima deste
A33: B | B33: Adicional de periculosidade | D33: Sim/Não | E33: S | H33: =IF(E33="N",0,H32*0.3) -> 610.25 | K33: Cálculo = Se Houver Adicional - Marcar S (Campo E33) para o cálculo Salario Base (Campo H32) * 30% ser gerado no Campo H33
A34: C | B34: Adicional de insalubridade | D34: Sim/Não | E34: N | F34: 0.2 | H34: =IF(E34="N",0,F34*H32) -> 0 | K34: Cálculo = Se Houver Adicional - Marcar S (Campo E34) para o cálculo Salario Mínimo ou Regional (campo F33) x Percentual de 10%, 20% ou 40% dependendo do grau de insalubridade (campo G33) ser gerado no Campo H34
A35: D | B35: Adicional noturno | H35: =(H32+H33)/220*20%*8*15 -> 288.48 | K35: Cálculo = (H32+H33)/220*20%*8*15
A36: E | B36: Hora noturna adicional - ou hora noturna reduzida
A37: F | B37: Adicional de hora extra no feriado
A38: G | B38: Outros (especificar)
A39: TOTAL DA REMUNERAÇÃO | H39: =SUM(H32:I38) -> 2932.88 | K39: Soma dos Itens A a G
A41: MÓDULO 02: ENCARGOS E BENEFÍCIOS ANUAIS, MENSAIS E DIÁRIOS
A42: Submódulo 2.1 - 13º (décimo terceiro) salário e adicional de férias
A43: 2.1 | B43: 13º salário e adicional de férias | H43: (%) | I43: Valor (R$)
A44: A | B44: 13º salário ( art. 7º, VIII, CF/88; Leis 4.090/1962 e 4.749/1962; Decreto 57.155/1965) | H44: =1/12 -> 0.0833 | I44: =H44*H39 -> 244.31 | K44: Cálculo = 1/12 (Campo H43) x Total da Remuneração (Campo H38)
A45: B | B45: Férias e Adicional de Férias ( Art. 7º, XVII, CF/88; Art. 129 a 153 da CLT; art. 214 § 4º do Decreto nº 3.048/99, Art. 28 § 9º, 245 alínea “d” da Lei nº 8.212/91, art. 134 e 137 da CLT) | H45: =(1/12)+(1/3/12) -> 0.1111 | I45: =H45*H39 -> 325.84 | K45: Cálculo = 1/12 (Campo H43) + 1/3/12 (Campo H43) x Total da Remuneração (Campo H38)
A46: C | B46: Incidência do submódulo 2.2 sobre o 13º Salário, Férias e Adicional de Férias ( Decreto nº 3.048/99 – Regulamento da Previdência Social) | H46: =(H44+H45)*H59 -> 0.0715 | I46: =H46*H39 -> 209.7 | K46: Cálculo = Percentuais dos Campos H43 e H44 x Total do Submódulo 2.2 (Campo H58) x Total ds Remuneração (Campo H38)
A47: TOTAL | H47: =SUM(I44:I46) -> 779.85 | K47: Soma dos Itens A a C
A49: Submódulo 2.2 - Encargos previdenciários (GPS), Fundo de Garantia por Tempo de Serviço (FGTS) e outras contribuições
A50: 2.2 | B50: GPS, FGTS e outras contribuições | H50: (%) | I50: Valor (R$)
A51: A | B51: INSS ( Lei nº 8.212/91) | H51: 0.2 | I51: =H51*$H$39 -> 586.58 | K51: Cálculo = Percentual Legal de 20% (Campo H50) x Total da Remuneração (Campo H38)
A52: B | B52: Salário Educação ( Lei nº 9.424, de 24 de dezembro de 1996) | H52: 0.025 | I52: =H52*$H$39 -> 73.32 | K52: Cálculo = Percentual Legal de 2,50% (Campo H51) x Total da Remuneração (Campo H38)
A53: C | B53: Seguro Acidente do Trabalho (RATxFAP) ( Decreto nº 3.048/99 – Regulamento da Previdência Social) | D53: RAT | E53: 3 | F53: FAT | G53: 1 | H53: =E53*G53/100 -> 0.03 | I53: =H53*$H$39 -> 87.99 | K53: Cálculo = Multiplicção dos Fatores RAT x FAT - Valor que poderá ser no máximo de 3% (Campo H52) x Total da Remuneração (Campo H38)
A54: D | B54: SESC ou SESI (Decretos-Lei 9.403/1946 (Sesi), 9.853/1946 (Sesc)) | H54: 0.015 | I54: =H54*$H$39 -> 43.99 | K54: Cálculo = Percentual Legal de 1,50% (Campo H53) x Total da Remuneração (Campo H38)
A55: E | B55: SENAI ou SENAC (Decretos-Lei 4.048/1942 (Senai), 8.621/1946 (Senac)) | H55: 0.01 | I55: =H55*$H$39 -> 29.33 | K55: Cálculo = Percentual Legal de 1,00% (Campo H54) x Total da Remuneração (Campo H38)
A56: F | B56: SEBRAE (Decreto nº 99.570 de 09 de outubro de 1990) | H56: 0.006 | I56: =H56*$H$39 -> 17.6 | K56: Cálculo = Percentual Legal de 0,60% (Campo H54) x Total da Remuneração (Campo H38)
A57: G | B57: INCRA ( Decreto-Lei nº 1.110, de 9 de julho de 1970) | H57: 0.002 | I57: =H57*$H$39 -> 5.87 | K57: Cálculo = Percentual Legal de 0,20% (Campo H54) x Total da Remuneração (Campo H38)
A58: H | B58: FGTS ( art. 15 da Lei 8.036/90) | H58: 0.08 | I58: =H58*$H$39 -> 234.63 | K58: Cálculo = Percentual Legal de 8,00% (Campo H54) x Total da Remuneração (Campo H38)
A59: TOTAL | H59: =SUM(H51:H58) -> 0.368 | I59: =SUM(I51:I58) -> 1079.31 | K59: Soma dos Itens A a H
A61: Submódulo 2.3 - Benefícios Mensais e Diários
A62: 2.3 | B62: Benefícios Mensais e Diários | H62: Valor (R$)
A63: A | B63: Transporte ( Lei n.º 7.619, de 30 de setembro de 1987) | C63: SIM/NÃO | D63: Valor | E63: Passagens | F63: Dias | G63: Desconto | H63: =IF(C64="N",0,(D64*E64*F64)-G64) -> 567.95 | K63: Caso não seja previsto Auxílio Transporte, marcar a opção "N" no Campo C63
C64: S | D64: 15 | E64: 2 | F64: 23 | G64: =H32*0.06 -> 122.05 | H64: =IF(H63>=0,H63,0) -> 567.95 | K64: Cálculo = Valor Unitário da Passagem (Campo D63) x Quant. (Campo E63) x Total de Dias (Campo F63) - Desconto (6% do Total da Remuneração - Campo G63)
A65: B | B65: Auxílio-Refeição/Alimentação (CCT) | D65: SIM/NÃO | E65: Valor | F65: Dias | G65: Desconto | H65: =IF(D66="N",0,(E66*F66)-G66) -> 828 | K65: Caso não seja previsto Auxílio Alimentaçõ/Refeição, marcar a opção "N" no Campo D65
D66: SIM/NÃO | E66: 40 | F66: 23 | G66: =E66*F66*10% -> 92 | K66: Cálculo = Valor Unitário do Vale (Campo E65) x Total de Dias (Campo F65) - Desconto (verificar se há ou não desconto na CCT e aplicar)
A67: C | B67: Seguro de vida, invalidez e funeral (CCT) | H67: 120 | K67: Inserir o valor por funcionário no campo H66 se houver previsão na CCT
A68: D | B68: Auxílio-Saúde - Plano de Assist. Médica (CCT 2024/2025RJ) | H68: 0 | K68: Cálculo = Valor Diário do Café (Campo AI68) * Dias (Campo F66)
A69: E | B69: Benefício Social Familiar (CCT 2024/2025RJ) | H69: 0
A70: F | B70: Auxílio-Saúde - Plano de Assist. Odontológica (CCT 2024/2025RJ) | H70: 0
A71: TOTAL | H71: =SUM(H63:I70) -> 2083.9 | K71: Soma dos Itens A a E
A73: QUADRO RESUMO DO MÓDULO 2 - ENCARGOS E BENEFÍCIOS ANUAIS, MENSAIS E DIÁRIOS
A75: 2 | B75: Encargos e Benefícios Anuais, Mensais e Diários | H75: Valor (R$)
A76: 2.1 | B76: 13º (décimo terceiro) Salário e Adicional de Férias | H76: =H47 -> 779.85 | K76: Soma do Total do Módulo 2.1 extraída do Campo H46
A77: 2.2 | B77: GPS, FGTS e outras contribuições | H77: =I59 -> 1079.31 | K77: Soma do Total do Módulo 2.2 extraída do Campo I58
A78: 2.3 | B78: Benefícios Mensais e Diários | H78: =H71 -> 2083.9 | K78: Soma do Total do Módulo 2.3 extraída do Campo H68
A79: TOTAL | H79: =SUM(H76:I78) -> 3943.06 | K79: Soma dos Itens 2.1 + 2.2 + 2.3
A81: MÓDULO 03: PROVISÃO PARA RESCISÃO
A82: 3 | B82: Provisão para Rescisão | H82: (%) | I82: Valor (R$)
A83: A | B83: Aviso Prévio Indenizado ( art. 487,§ 1º da CLT) | H83: =(1/12) -> 0.0833 | I83: =H83*$H$39 -> 244.31 | K83: Cálculo = Percentual de 1/12 (Campo H80) x Total da Remuneração (Campo H38)
A84: B | B84: Incidência do FGTS sobre o Aviso Prévio Indenizado ( art. 15, da Lei8.036/90) | H84: =H83*8% -> 0.0067 | I84: =H84*$H$39 -> 19.65 | K84: Cálculo = Percentual de 8% x 0,42% do APT (Campo H81) x Total da Remuneração (Campo H38)
A85: C | B85: Multa do FGTS e contribuição social sobre o Aviso Prévio Indenizado ( Lei n. 13.932/2019) | H85: =(((1+(2/12)+((1/3)*(1/12)))*0.08*0.4*0.9)) -> 0.0344 | I85: =H85*$H$39 -> 100.89 | K85: Cálculo = [1 + 12/ 2 + (1/ 3 × 12/ 1 ) ] × 0,08 × 0,4 × 0,9
A86: D | B86: Aviso Prévio Trabalhado ( art. 487,§ 1º da CLT) | H86: 0.0194 | I86: =H86*$H$39 -> 56.9 | K86: Cálculo = ((1/30)*7)/12 = Percentual de 1,94% (Campo H83) x Total da Remuneração (Campo H38)
A87: E | B87: Incidência dos encargos do submódulo 2.2 sobre o Aviso Prévio Trabalhado | H87: =H86*H59 -> 0.0071 | I87: =H87*$H$39 -> 20.82 | K87: Cálculo = Percentual do Submódulo 2.2 (Campo H58) x Percentual do Aviso Prévio Trabalhado (H83) x Total da Remuneração (Campo H38)
A88: F | B88: Multa do FGTS e contribuição social sobre o Aviso Prévio Trabalhado ( Lei n. 13.932/2019) | H88: =H86*0.08*0.4 -> 0.0006 | I88: =H88*$H$39 -> 1.76 | K88: Cálculo = 1,94%*8%*40%
A89: TOTAL | H89: =SUM(I83:I88) -> 444.33 | K89: Soma dos Itens A a F
A91: MÓDULO 04: CUSTO DE REPOSIÇÃO DO PROFISSIONAL AUSENTE
A92: Submódulo 4.1 - Ausências Legais
A93: 4.1 | B93: Substituto nas Ausências Legais | H93: (%) | I93: Valor (R$)
A94: A | B94: Substituto na Cobertura das Ferias ( Art. 7º , inciso XVII, da CLT. Art. 129 e 130 da CLT, ) | H94: =1/12 -> 0.0833 | I94: =H94*H39 -> 244.31 | K94: Cálculo = 1/12 (Campo H43) x Total da Remuneração (Campo H38)
A95: B | B95: Substituto na Cobertura das ausência por doença ( Art.131 , inciso III, da CLT. Art. 476 da CLT, ) | H95: 0.0166 | I95: =H95*$H$39 -> 48.69 | K95: Cálculo = (5,96/30)/12*100=1,66%
A96: C | B96: Substituto na Cobertura de Afastamento paternidade ( Art. 82 e 473 da CLT) | H96: =(5/30/12)*0.015 -> 0.0002 | I96: =H96*$H$39 -> 0.59 | K96: Cálculo = (5/30/12)*0,015
A97: D | B97: Substituto na Cobertura das Ausências por Acidente de Trabalho ( Art. 27 do Dec. 89312/84) | H97: =(1/12)*(0.0178) -> 0.0015 | I97: =H97*$H$39 -> 4.4 | K97: Cálculo = (1/12)*0,0178
A98: E | B98: Substituto na Cobertura de Afastamento Maternidade ( Art. 7º inc. XVIII, CF) | H98: =11.11%*5.28%*50% -> 0.0029 | I98: =H98*$H$39 -> 8.51 | K98: Cálculo = 11,11%*5,28%*50%
A99: F | B99: Substituto na Cobertura de Ausências legais ( Art. 7º, inciso XIX da CF) | H99: =(1/30/12) -> 0.0028 | I99: =H99*$H$39 -> 8.21 | K99: Cálculo= 1/30/12
A100: TOTAL | H100: =SUM(H95:H99) -> 0.024 | I100: =SUM(I94:I99) -> 314.71 | K100: Soma dos Itens A a F
A102: Submódulo 4.2 - Intrajornada
A103: 4.2 | B103: Substituto na Intrajornada | H103: (%) | I103: Valor (R$)
A104: A | B104: Substituto no Intervalo para Repouso ou Alimentação | I104: =(H32+H33+H34)*H104 -> 0
A105: TOTAL | H105: =SUM(I101:I104) -> 0
A107: QUADRO RESUMO DO MÓDULO 4 - CUSTO DE REPOSIÇÃO DO PROFISSIONAL AUSENTE
A108: 4 | B108: Encargos e Benefícios Anuais, Mensais e Diários | H108: Valor (R$)
A109: 4.1 | B109: Substituto nas Ausência Legais | H109: =I100 -> 314.71 | K109: Soma Total do Submódulo 4.1 extraída do Campo H99
A110: 4.2 | B110: Substituto na Intrajornada | H110: =H105 -> 0 | K110: Soma Total do Submódulo 4.2 extraída do Campo H105
A111: TOTAL | H111: =SUM(H109:I110) -> 314.71
A113: MÓDULO 05: INSUMOS DIVERSOS
A114: 5 | B114: Insumos Diversos | H114: Valor (R$)
A115: A | B115: Uniformes (custo mensal por empregado) | H115: =UNIFORMES!F17 -> 308.82 | K115: Cálculo = Conforme valor na planilha UNIFORMES
A116: B | B116: Materiais (custo mensal por empregado) | H116: 0 | K116: Cálculo = Se Houver, calcular o valor total dividir pela quantidade de meses do contrato, utilizando uma memória de cálculo em outra planilha
A117: C | B117: Equipamentos (custo mensal por empregado) | H117: =EQUIPAMENTOS!F50 -> 102.5 | K117: Cálculo = Se Houver, calcular o valor total dividir pela quantidade de meses do contrato, utilizando uma memória de cálculo em outra planilha
...

Sheet Vigilante Coordenador 44h
A1: ANEXO II - PLANILHA DE COMPOSIÇÃO DE CUSTOS
A2: PLANILHA DE CUSTOS E FORMAÇÕES DE PREÇOS
B4: Processo nº: 6948/2025
B5: Licitação nº: 03/2025
B6: Empresa:
A8: DISCRIMINAÇÃO DOS SERVIÇOS (DADOS REFERENTES À CONTRATAÇÃO) | K8: MEMÓRIA DE CÁLCULO
A10: A | B10: Data de apresentação da proposta (dia/mês/ano) | G10: - | K10: Informar a Data da Apresentação da Proposta
A11: B | B11: Município/ UF | G11: Mangaratiba- RJ | K11: Informar o Município e UF
A12: C | B12: Ano Acordo, Convenção ou Sentença Normativa em Dissídio Coletivo | G12: CCT - 2026 | K12: Informar qual CCT Base e Ano
A13: D | B13: Nº de meses de execução contratual | G13: 12 | K13: Informar Nº de Meses da Execução Contratual de Acordo com o Termo de Referência
A15: IDENTIFICAÇÃO DO SERVIÇO
A16: 1 | B16: Unidade de medida | H16: Serviço | K16: Informar a Unidade de Medida de Acordo com o Termo de Referência
A17: 2 | B17: Quantidade total a contratar (em função da unidade de medida): | K17: Informar a Quantidade a Contratar de Acordo com o Termo de Referência
A18: 1 | B18: Cargo: | C18: VIGILANTE | K18: Informar o Cargo a ser Preenchido
A20: MÃO-DE-OBRA
A22: MÃO-DE-OBRA VINCULADA À EXECUÇÃO CONTRATUAL
A23: Dados complementares para composição dos custos referente à mão-de-obra
A24: 1 | B24: Tipo do serviço | H24: =C18 -> VIGILANTE | K24: Informar o Tipo de Serviço
A25: 2 | B25: Classificação Brasileira de Ocupações (CBO) | H25: 5173-30 | K25: Informar o CBO da Ocupação
A26: 3 | B26: Salário Normativo da Categoria Profissional | H26: 3243.61 | K26: Informar o Salário Normativo contido na CCT
A27: 4 | B27: Categoria profissional | H27: 2.5.7 | K27: Informar a Categoria Profissional
A28: 5 | B28: Data base da categoria | H28: 2024/2025 | K28: Informar a Data Base da Categoria
A30: MÓDULO 01: COMPOSIÇÃO DA REMUNERAÇÃO
A31: 1 | B31: Composição da remuneração | H31: Valor (R$)
A32: A | B32: Salário base | H32: =H26 -> 3243.61 | J32: =((H32/(H26/220))) -> 220 | K32: Salário Base contido na CCT ou qualquer outro valor acima deste
A33: B | B33: Adicional de periculosidade | D33: Sim/Não | E33: S | H33: =IF(E33="N",0,H32*0.3) -> 973.08 | K33: Cálculo = Se Houver Adicional - Marcar S (Campo E33) para o cálculo Salario Base (Campo H32) * 30% ser gerado no Campo H33
A34: C | B34: Adicional de insalubridade | D34: Sim/Não | E34: N | F34: 0.2 | H34: =IF(E34="N",0,F34*H32) -> 0 | K34: Cálculo = Se Houver Adicional - Marcar S (Campo E34) para o cálculo Salario Mínimo ou Regional (campo F33) x Percentual de 10%, 20% ou 40% dependendo do grau de insalubridade (campo G33) ser gerado no Campo H34
A35: D | B35: Adicional noturno
A36: E | B36: Hora noturna adicional - ou hora noturna reduzida
A37: F | B37: Adicional de hora extra no feriado
A38: G | B38: Outros (especificar)
A39: TOTAL DA REMUNERAÇÃO | H39: =SUM(H32:I38) -> 4216.69 | K39: Soma dos Itens A a G
A41: MÓDULO 02: ENCARGOS E BENEFÍCIOS ANUAIS, MENSAIS E DIÁRIOS
A42: Submódulo 2.1 - 13º (décimo terceiro) salário e adicional de férias
A43: 2.1 | B43: 13º salário e adicional de férias | H43: (%) | I43: Valor (R$)
A44: A | B44: 13º salário ( art. 7º, VIII, CF/88; Leis 4.090/1962 e 4.749/1962; Decreto 57.155/1965) | H44: =1/12 -> 0.0833 | I44: =H44*H39 -> 351.25 | K44: Cálculo = 1/12 (Campo H43) x Total da Remuneração (Campo H38)
A45: B | B45: Férias e Adicional de Férias ( Art. 7º, XVII, CF/88; Art. 129 a 153 da CLT; art. 214 § 4º do Decreto nº 3.048/99, Art. 28 § 9º, 245 alínea “d” da Lei nº 8.212/91, art. 134 e 137 da CLT) | H45: =(1/12)+(1/3/12) -> 0.1111 | I45: =H45*H39 -> 468.47 | K45: Cálculo = 1/12 (Campo H43) + 1/3/12 (Campo H43) x Total da Remuneração (Campo H38)
A46: C | B46: Incidência do submódulo 2.2 sobre o 13º Salário, Férias e Adicional de Férias ( Decreto nº 3.048/99 – Regulamento da Previdência Social) | H46: =(H44+H45)*H59 -> 0.0715 | I46: =H46*H39 -> 301.49 | K46: Cálculo = Percentuais dos Campos H43 e H44 x Total do Submódulo 2.2 (Campo H58) x Total ds Remuneração (Campo H38)
A47: TOTAL | H47: =SUM(I44:I46) -> 1121.21 | K47: Soma dos Itens A a C
A49: Submódulo 2.2 - Encargos previdenciários (GPS), Fundo de Garantia por Tempo de Serviço (FGTS) e outras contribuições
A50: 2.2 | B50: GPS, FGTS e outras contribuições | H50: (%) | I50: Valor (R$)
A51: A | B51: INSS ( Lei nº 8.212/91) | H51: 0.2 | I51: =H51*$H$39 -> 843.34 | K51: Cálculo = Percentual Legal de 20% (Campo H50) x Total da Remuneração (Campo H38)
A52: B | B52: Salário Educação ( Lei nº 9.424, de 24 de dezembro de 1996) | H52: 0.025 | I52: =H52*$H$39 -> 105.42 | K52: Cálculo = Percentual Legal de 2,50% (Campo H51) x Total da Remuneração (Campo H38)
A53: C | B53: Seguro Acidente do Trabalho (RATxFAP) ( Decreto nº 3.048/99 – Regulamento da Previdência Social) | D53: RAT | E53: 3 | F53: FAT | G53: 1 | H53: =E53*G53/100 -> 0.03 | I53: =H53*$H$39 -> 126.5 | K53: Cálculo = Multiplicção dos Fatores RAT x FAT - Valor que poderá ser no máximo de 3% (Campo H52) x Total da Remuneração (Campo H38)
A54: D | B54: SESC ou SESI (Decretos-Lei 9.403/1946 (Sesi), 9.853/1946 (Sesc)) | H54: 0.015 | I54: =H54*$H$39 -> 63.25 | K54: Cálculo = Percentual Legal de 1,50% (Campo H53) x Total da Remuneração (Campo H38)
A55: E | B55: SENAI ou SENAC (Decretos-Lei 4.048/1942 (Senai), 8.621/1946 (Senac)) | H55: 0.01 | I55: =H55*$H$39 -> 42.17 | K55: Cálculo = Percentual Legal de 1,00% (Campo H54) x Total da Remuneração (Campo H38)
A56: F | B56: SEBRAE (Decreto nº 99.570 de 09 de outubro de 1990) | H56: 0.006 | I56: =H56*$H$39 -> 25.3 | K56: Cálculo = Percentual Legal de 0,60% (Campo H54) x Total da Remuneração (Campo H38)
A57: G | B57: INCRA ( Decreto-Lei nº 1.110, de 9 de julho de 1970) | H57: 0.002 | I57: =H57*$H$39 -> 8.43 | K57: Cálculo = Percentual Legal de 0,20% (Campo H54) x Total da Remuneração (Campo H38)
A58: H | B58: FGTS ( art. 15 da Lei 8.036/90) | H58: 0.08 | I58: =H58*$H$39 -> 337.34 | K58: Cálculo = Percentual Legal de 8,00% (Campo H54) x Total da Remuneração (Campo H38)
A59: TOTAL | H59: =SUM(H51:H58) -> 0.368 | I59: =SUM(I51:I58) -> 1551.75 | K59: Soma dos Itens A a H
A61: Submódulo 2.3 - Benefícios Mensais e Diários
A62: 2.3 | B62: Benefícios Mensais e Diários | H62: Valor (R$)
A63: A | B63: Transporte ( Lei n.º 7.619, de 30 de setembro de 1987) | C63: SIM/NÃO | D63: Valor | E63: Passagens | F63: Dias | G63: Desconto | H63: =IF(C64="N",0,(D64*E64*F64)-G64) -> 495.38 | K63: Caso não seja previsto Auxílio Transporte, marcar a opção "N" no Campo C63
C64: S | D64: 15 | E64: 2 | F64: 23 | G64: =H32*0.06 -> 194.62 | H64: =IF(H63>=0,H63,0) -> 495.38 | K64: Cálculo = Valor Unitário da Passagem (Campo D63) x Quant. (Campo E63) x Total de Dias (Campo F63) - Desconto (6% do Total da Remuneração - Campo G63)
A65: B | B65: Auxílio-Refeição/Alimentação (CCT) | D65: SIM/NÃO | E65: Valor | F65: Dias | G65: Desconto | H65: =IF(D66="N",0,(E66*F66)-G66) -> 828 | K65: Caso não seja previsto Auxílio Alimentaçõ/Refeição, marcar a opção "N" no Campo D65
D66: SIM/NÃO | E66: 40 | F66: 23 | G66: =E66*F66*10% -> 92 | K66: Cálculo = Valor Unitário do Vale (Campo E65) x Total de Dias (Campo F65) - Desconto (verificar se há ou não desconto na CCT e aplicar)
A67: C | B67: Seguro de vida, invalidez e funeral (CCT) | H67: 120 | K67: Inserir o valor por funcionário no campo H66 se houver previsão na CCT
A68: D | B68: Auxílio-Saúde - Plano de Assist. Médica (CCT 2024/2025RJ) | H68: 0 | K68: Cálculo = Valor Diário do Café (Campo AI68) * Dias (Campo F66)
A69: E | B69: Benefício Social Familiar (CCT 2024/2025RJ) | H69: 0
A70: F | B70: Auxílio-Saúde - Plano de Assist. Odontológica (CCT 2024/2025RJ) | H70: 0
A71: TOTAL | H71: =SUM(H63:I70) -> 1938.76 | K71: Soma dos Itens A a E
A73: QUADRO RESUMO DO MÓDULO 2 - ENCARGOS E BENEFÍCIOS ANUAIS, MENSAIS E DIÁRIOS
A75: 2 | B75: Encargos e Benefícios Anuais, Mensais e Diários | H75: Valor (R$)
A76: 2.1 | B76: 13º (décimo terceiro) Salário e Adicional de Férias | H76: =H47 -> 1121.21 | K76: Soma do Total do Módulo 2.1 extraída do Campo H46
A77: 2.2 | B77: GPS, FGTS e outras contribuições | H77: =I59 -> 1551.75 | K77: Soma do Total do Módulo 2.2 extraída do Campo I58
A78: 2.3 | B78: Benefícios Mensais e Diários | H78: =H71 -> 1938.76 | K78: Soma do Total do Módulo 2.3 extraída do Campo H68
A79: TOTAL | H79: =SUM(H76:I78) -> 4611.72 | K79: Soma dos Itens 2.1 + 2.2 + 2.3
A81: MÓDULO 03: PROVISÃO PARA RESCISÃO
A82: 3 | B82: Provisão para Rescisão | H82: (%) | I82: Valor (R$)
A83: A | B83: Aviso Prévio Indenizado ( art. 487,§ 1º da CLT) | H83: =(1/12) -> 0.0833 | I83: =H83*$H$39 -> 351.25 | K83: Cálculo = Percentual de 1/12 (Campo H80) x Total da Remuneração (Campo H38)
A84: B | B84: Incidência do FGTS sobre o Aviso Prévio Indenizado ( art. 15, da Lei8.036/90) | H84: =H83*8% -> 0.0067 | I84: =H84*$H$39 -> 28.25 | K84: Cálculo = Percentual de 8% x 0,42% do APT (Campo H81) x Total da Remuneração (Campo H38)
A85: C | B85: Multa do FGTS e contribuição social sobre o Aviso Prévio Indenizado ( Lei n. 13.932/2019) | H85: =(((1+(2/12)+((1/3)*(1/12)))*0.08*0.4*0.9)) -> 0.0344 | I85: =H85*$H$39 -> 145.05 | K85: Cálculo = [1 + 12/ 2 + (1/ 3 × 12/ 1 ) ] × 0,08 × 0,4 × 0,9
A86: D | B86: Aviso Prévio Trabalhado ( art. 487,§ 1º da CLT) | H86: 0.0194 | I86: =H86*$H$39 -> 81.8 | K86: Cálculo = ((1/30)*7)/12 = Percentual de 1,94% (Campo H83) x Total da Remuneração (Campo H38)
A87: E | B87: Incidência dos encargos do submódulo 2.2 sobre o Aviso Prévio Trabalhado | H87: =H86*H59 -> 0.0071 | I87: =H87*$H$39 -> 29.94 | K87: Cálculo = Percentual do Submódulo 2.2 (Campo H58) x Percentual do Aviso Prévio Trabalhado (H83) x Total da Remuneração (Campo H38)
A88: F | B88: Multa do FGTS e contribuição social sobre o Aviso Prévio Trabalhado ( Lei n. 13.932/2019) | H88: =H86*0.08*0.4 -> 0.0006 | I88: =H88*$H$39 -> 2.53 | K88: Cálculo = 1,94%*8%*40%
A89: TOTAL | H89: =SUM(I83:I88) -> 638.82 | K89: Soma dos Itens A a F
A91: MÓDULO 04: CUSTO DE REPOSIÇÃO DO PROFISSIONAL AUSENTE
A92: Submódulo 4.1 - Ausências Legais
A93: 4.1 | B93: Substituto nas Ausências Legais | H93: (%) | I93: Valor (R$)
A94: A | B94: Substituto na Cobertura das Ferias ( Art. 7º , inciso XVII, da CLT. Art. 129 e 130 da CLT, ) | H94: =1/12 -> 0.0833 | I94: =H94*H39 -> 351.25 | K94: Cálculo = 1/12 (Campo H43) x Total da Remuneração (Campo H38)
A95: B | B95: Substituto na Cobertura das ausência por doença ( Art.131 , inciso III, da CLT. Art. 476 da CLT, ) | H95: 0.0166 | I95: =H95*$H$39 -> 70 | K95: Cálculo = (5,96/30)/12*100=1,66%
A96: C | B96: Substituto na Cobertura de Afastamento paternidade ( Art. 82 e 473 da CLT) | H96: =(5/30/12)*0.015 -> 0.0002 | I96: =H96*$H$39 -> 0.84 | K96: Cálculo = (5/30/12)*0,015
A97: D | B97: Substituto na Cobertura das Ausências por Acidente de Trabalho ( Art. 27 do Dec. 89312/84) | H97: =(1/12)*(0.0178) -> 0.0015 | I97: =H97*$H$39 -> 6.33 | K97: Cálculo = (1/12)*0,0178
A98: E | B98: Substituto na Cobertura de Afastamento Maternidade ( Art. 7º inc. XVIII, CF) | H98: =11.11%*5.28%*50% -> 0.0029 | I98: =H98*$H$39 -> 12.23 | K98: Cálculo = 11,11%*5,28%*50%
A99: F | B99: Substituto na Cobertura de Ausências legais ( Art. 7º, inciso XIX da CF) | H99: =(1/30/12) -> 0.0028 | I99: =H99*$H$39 -> 11.81 | K99: Cálculo= 1/30/12
A100: TOTAL | H100: =SUM(H95:H99) -> 0.024 | I100: =SUM(I94:I99) -> 452.46 | K100: Soma dos Itens A a F
A102: Submódulo 4.2 - Intrajornada
A103: 4.2 | B103: Substituto na Intrajornada | H103: (%) | I103: Valor (R$)
A104: A | B104: Substituto no Intervalo para Repouso ou Alimentação | I104: =(H32+H33+H34)*H104 -> 0
A105: TOTAL | H105: =SUM(I101:I104) -> 0
A107: QUADRO RESUMO DO MÓDULO 4 - CUSTO DE REPOSIÇÃO DO PROFISSIONAL AUSENTE
A108: 4 | B108: Encargos e Benefícios Anuais, Mensais e Diários | H108: Valor (R$)
A109: 4.1 | B109: Substituto nas Ausência Legais | H109: =I100 -> 452.46 | K109: Soma Total do Submódulo 4.1 extraída do Campo H99
A110: 4.2 | B110: Substituto na Intrajornada | H110: =H105 -> 0 | K110: Soma Total do Submódulo 4.2 extraída do Campo H105
A111: TOTAL | H111: =SUM(H109:I110) -> 452.46
A113: MÓDULO 05: INSUMOS DIVERSOS
A114: 5 | B114: Insumos Diversos | H114: Valor (R$)
A115: A | B115: Uniformes (custo mensal por empregado) | H115: =UNIFORMES!F17 -> 308.82 | K115: Cálculo = Conforme valor na planilha UNIFORMES
A116: B | B116: Materiais (custo mensal por empregado) | H116: 0 | K116: Cálculo = Se Houver, calcular o valor total dividir pela quantidade de meses do contrato, utilizando uma memória de cálculo em outra planilha
A117: C | B117: Equipamentos (custo mensal por empregado) | H117: =EQUIPAMENTOS!F13 -> 80 | K117: Cálculo = Se Houver, calcular o valor total dividir pela quantidade de meses do contrato, utilizando uma memória de cálculo em outra planilha
...

Sheet EQUIPAMENTOS
A2: ANEXO II - Equipamentos por Função
A4: Vigilante e Vigilante Coordenador
A5: Item | B5: Descrição | C5: Unidade | D5: Quantidade | E5: Valor Máximo Unitário | F5: Valor Máximo Total
A6: 1 | B6: Smartphone contendo certificação IP68 (ou superior), câmera de alta qualidade permitindo capturar imagens e vídeos com boa resolução para documentar incidentes, recursos como leitor de impressão digital, reconhecimento facial e criptografia de dados protegem os dados do dispositivo, processador rápido e memória RAM a cima de 8GB, a fim de garantir o bom funcionamento do smartphone, mesmo com múltiplos aplicativos abertos e bateria a cima de 5000mAH com linha telefônica ilimitanda, permitindo acesso continuo e permanete a internet 5G e ligações ilimitadas. | C6: Un. | D6: 1 | E6: 250 | F6: =D6*E6 -> 250
A7: 2 | B7: Radio de Comunição Interno | C7: Un. | D7: 1 | E7: 190 | F7: =D7*E7 -> 190
A8: 3 | B8: Lanterna de longo alcance | C8: Un. | D8: 2 | E8: 25 | F8: =D8*E8 -> 50
A9: 4 | B9: Power Bank | C9: Un. | D9: 1 | E9: 30 | F9: =D9*E9 -> 30
A10: 5 | B10: Kit De Primeiros Socorros De Sobrevivência | C10: Un. | D10: 1 | E10: 350 | F10: =D10*E10 -> 350
A11: 6 | B11: Tonfa | C11: Un. | D11: 1 | E11: 90 | F11: =D11*E11 -> 90
A12: Valor Total | F12: =SUM(F6:F11) -> 960
A13: Valor Mensal - Por Colaborador | F13: =F12/12 -> 80
A15: Vigilante Motorista - Categoria B
A16: Item | B16: Descrição | C16: Unidade | D16: Quantidade | E16: Valor Máximo Unitário | F16: Valor Máximo Total
A17: 1 | B17: Radio de Comunição Interno | C17: Un. | D17: 1 | E17: 190 | F17: =D17*E17 -> 190
A18: 2 | B18: Lanterna de longo alcance | C18: Un. | D18: 2 | E18: 25 | F18: =D18*E18 -> 50
A19: 3 | B19: Power Bank | C19: Un. | D19: 1 | E19: 30 | F19: =D19*E19 -> 30
A20: 4 | B20: Kit De Primeiros Socorros De Sobrevivência | C20: Un. | D20: 1 | E20: 350 | F20: =D20*E20 -> 350
A21: 5 | B21: Tonfa | C21: Un. | D21: 1 | E21: 90 | F21: =D21*E21 -> 90
A22: 6 | B22: Veículos do tipo Hatch, de fabricação nacional, devidamente sinalizados, com equipamento de áudio e comunicação como rádio, celular dentre outros equipamentos de comunicação necessário, dispositivos de monitoramento como gps, rastreador, dentre outros equipamentos de monitoramento, combustível e quilometragem equivalente a 200km mensal e equipamentos de segurança obrigatórios (cintos, airbags, luzes, etc.) Extima-se R$ 3.200,00 ao mês. | C22: Un. | D22: 1 | E22: =3200*12 -> 38400 | F22: =D22*E22 -> 38400
A23: 7 | B23: Smartphone contendo certificação IP68 (ou superior), câmera de alta qualidade permitindo capturar imagens e vídeos com boa resolução para documentar incidentes, recursos como leitor de impressão digital, reconhecimento facial e criptografia de dados protegem os dados do dispositivo, processador rápido e memória RAM a cima de 8GB, a fim de garantir o bom funcionamento do smartphone, mesmo com múltiplos aplicativos abertos e bateria a cima de 5000mAH com linha telefônica ilimitanda, permitindo acesso continuo e permanete a internet 5G e ligações ilimitadas. | C23: Un. | D23: 1 | E23: 250 | F23: =D23*E23 -> 250
A24: Valor Total | F24: =SUM(F17:F23) -> 39360
A25: Valor Mensal - Por Colaborador | F25: =F24/12 -> 3280
A27: Vigilante Motorista - Categoria A
A28: Item | B28: Descrição | C28: Unidade | D28: Quantidade | E28: Valor Máximo Unitário | F28: Valor Máximo Total
A29: 1 | B29: Radio de Comunição Interno | C29: Un. | D29: 1 | E29: 190 | F29: =D29*E29 -> 190
A30: 2 | B30: Lanterna de longo alcance | C30: Un. | D30: 2 | E30: 25 | F30: =D30*E30 -> 50
A31: 3 | B31: Power Bank | C31: Un. | D31: 1 | E31: 30 | F31: =D31*E31 -> 30
A32: 4 | B32: Kit De Primeiros Socorros De Sobrevivência | C32: Un. | D32: 1 | E32: 350 | F32: =D32*E32 -> 350
A33: 5 | B33: Tonfa | C33: Un. | D33: 1 | E33: 90 | F33: =D33*E33 -> 90
A34: 6 | B34: Veículos do MOTO, de fabricação nacional, devidamente sinalizados, com equipamentos para serviço de vigilância, como giroflex led, sirene, controlador do giroflex e sirene, grafismo: para identificar a moto como pertencente a um serviço de vigilância, equipamentos de comunicação como rádio, celular, etc..., adesivos retro refletivos, combustível e quilometragem equivalente a 200km mensal e equipamentos de segurança obrigatórios. (Extima-se R$ 1.300,00 ao mês) | C34: Un. | D34: 1 | E34: =1300*12 -> 15600 | F34: =D34*E34 -> 15600
A35: 7 | B35: Smartphone contendo certificação IP68 (ou superior), câmera de alta qualidade permitindo capturar imagens e vídeos com boa resolução para documentar incidentes, recursos como leitor de impressão digital, reconhecimento facial e criptografia de dados protegem os dados do dispositivo, processador rápido e memória RAM a cima de 8GB, a fim de garantir o bom funcionamento do smartphone, mesmo com múltiplos aplicativos abertos e bateria a cima de 5000mAH com linha telefônica ilimitanda, permitindo acesso continuo e permanete a internet 5G e ligações ilimitadas. | C35: Un. | D35: 1 | E35: 250 | F35: =D35*E35 -> 250
A36: Valor Total | F36: =SUM(F29:F35) -> 16560
A37: Valor Mensal - Por Colaborador | F37: =F36/12 -> 1380
A40: Vigilante - Operador de Equipamentos
A41: Item | B41: Descrição | C41: Unidade | D41: Quantidade | E41: Valor Máximo Unitário | F41: Valor Máximo Total
A42: 1 | B42: Smartphone contendo certificação IP68 (ou superior), câmera de alta qualidade permitindo capturar imagens e vídeos com boa resolução para documentar incidentes, recursos como leitor de impressão digital, reconhecimento facial e criptografia de dados protegem os dados do dispositivo, processador rápido e memória RAM a cima de 8GB, a fim de garantir o bom funcionamento do smartphone, mesmo com múltiplos aplicativos abertos e bateria a cima de 5000mAH com linha telefônica ilimitanda, permitindo acesso continuo e permanete a internet 5G e ligações ilimitadas. | C42: Un. | D42: 1 | E42: 250 | F42: =D42*E42 -> 250
A43: 2 | B43: Radio de Comunição Interno | C43: Un. | D43: 1 | E43: 190 | F43: =D43*E43 -> 190
A44: 3 | B44: Lanterna de longo alcance | C44: Un. | D44: 2 | E44: 25 | F44: =D44*E44 -> 50
A45: 4 | B45: Power Bank | C45: Un. | D45: 1 | E45: 30 | F45: =D45*E45 -> 30
A46: 5 | B46: Kit De Primeiros Socorros De Sobrevivência | C46: Un. | D46: 1 | E46: 350 | F46: =D46*E46 -> 350
A47: 6 | B47: Tonfa | C47: Un. | D47: 1 | E47: 90 | F47: =D47*E47 -> 90
A48: 7 | B48: Notebook contendo boa autonomia, processador mínimo Icore 7 ou superior, memória de 16gb ou superior, HDSSD com no mínimo 512GB, assim como acesso a internet ilimitado | C48: Un. | D48: 1 | E48: 270 | F48: =D48*E48 -> 270
A49: Valor Total | F49: =SUM(F42:F48) -> 1230
A50: Valor Mensal - Por Colaborador | F50: =F49/12 -> 102.5

Sheet UNIFORMES
A1: UNIFORMES
A3: VIGILANTE
A4: ITEM | B4: NOME | C4: DESCRIÇÃO DO UNIFORME | D4: QTD ANUAL POR EMPREGADO (A) | E4: VALOR UNITÁRIO (B) | F4: SUBTOTAL (C=AxB)
A6: 1 | B6: CALÇA CARGO | C6: Calça Cargo; Modelo UNISSEX; COM 6 BOLSOS; Cor Preta; Sob Medida. | D6: 4 | E6: 190 | F6: =D6*E6 -> 760
A7: 2 | B7: CAMISA UNIFORME - MANGA LONGA | C7: Material: Malha ALGODÃO; Tipo Manga: Longa; Tipo Colarinho: Gola Social; Cor: PRETA ; Tamanho: sobmedida; Tipo Uso: Uniforme; Características Adicionais: Sem Bolso , Logotipo; Tipo Camisa: Lisa | D7: 4 | E7: 150 | F7: =D7*E7 -> 600
A8: 3 | B8: CAMISA UNIFORME - MANGA CURTA | C8: Material: Malha ALGODÃO; Tipo Manga: Curta; Tipo Colarinho: Gola Social; Cor: PRETA; Tamanho: sobmedida; Tipo Uso: Uniforme; Características Adicionais: Sem Bolso , Logotipo; Tipo Camisa: Lisa | D8: 4 | E8: 130 | F8: =D8*E8 -> 520
A9: 4 | B9: BLUSA OXFORD | C9: Gandola Manga Curta, Material Oxford, cor preta, com dois bolsos na frente, bandeira do brasil do lado direito do ombro, sob medida. | D9: 4 | E9: 170 | F9: =D9*E9 -> 680
A10: 5 | B10: JAQUETA | C10: Tecido Impermeável, com resina acrílica + silicone, Bandeira do Brasil na manga, lapela nos ombros, 2 Bolsos grandes, 1 bolso interno, À prova de vento, Revestimento de matelassê 80, que é leve, resistente e respirável, Cor preta, Com elástico na cintura e nos pulsos. | D10: 2 | E10: 230 | F10: =D10*E10 -> 460
A11: 6 | B11: SAPATO DE SEGURANÇA | C11: Material: Couro; com bico em termoplástico super resistente, C.A 51001, Forrado em têxtil espumado para garantir a respiração e conforto para os pés, Palmilha muito confortável de Gell, Solado baqueado(costurado) para não descolar para aumentar a durabilidade, solado de Borracha, Registrada no NPI e ministério do trabalho | D11: 2 | E11: 160 | F11: =D11*E11 -> 320
A12: 7 | B12: MEIA CANO MÉDIO | C12: Material: algodão, Poliamida E Elatodieno; Cor: preta; Tipo: Social; Tamanho: Sob Medida Características Adicionais: Cano Médio; Quantidade PAR | D12: 6 | E12: 45 | F12: =D12*E12 -> 270
A13: 8 | B13: BONÉ | C13: Boné confeccionado em material Oxford. Boné preto, liso e com regulagem. Escrita palavra “segurança” em branco na parte da frente e de trás do produto. | D13: 2 | E13: 40 | F13: =D13*E13 -> 80
A14: 9 | B14: CARTÃO IDENTIFICAÇÃO | C14: Material: Pvc; Aplicação: Identificação De Funcionários; Comprimento: 54 MM; Largura: 85 MM; Características Adicionais: Protetor De Crachá Rígido/Jacaré/Regulador Bolinha; Tipo Impressão: Frente/Verso | D14: 2 | E14: 7.9 | F14: =D14*E14 -> 15.8
A15: Valor total (A) | F15: =SUM(F6:F14) -> 3705.8
A16: Durabilidade em meses (B) | F16: 12 meses
A17: Valor mensal máximo por Colaborador (C=A/B) | F17: =F15/12 -> 308.82

Sheet Quadro Resumo
A1: ITEM | B1: DESCRIÇÃO | C1: QUANTIDADE | D1: VALOR UNITÁRIO | E1: VALOR MENSAL | G1: VALOR TOTAL
A2: 1 | B2: VIGILANTE 12X36H - DIURNO | C2: ='Vigilante 12x36 Diurno'!D146 -> 10 | D2: ='Vigilante 12x36 Diurno'!C146 -> 9397.16 | E2: {='Vigilante 12x36 Diurno'!H146:I146} -> 93971.6 | F2: 0 | G2: {='Vigilante 12x36 Diurno'!H157:I157} -> 1127659.2 | H2: 0
A3: 2 | B3: VIGILANTE 12X36H - NOTURNO | C3: ='Vigilante 12x36 Noturno'!D146 -> 10 | D3: ='Vigilante 12x36 Noturno'!C146 -> 10083.32 | E3: {='Vigilante 12x36 Noturno'!E146:F146} -> 100833.2 | F3: 0 | G3: {='Vigilante 12x36 Noturno'!H157:I157} -> 1209998.4 | H3: 0
A4: 3 | B4: VIGILANTE HABILITADO (B) 12X36H - DIURNO | C4: ='Vigilante 12x36 Diurno (Carro)'!D146 -> 4 | D4: ='Vigilante 12x36 Diurno (Carro)'!C146 -> 14615.15 | E4: {='Vigilante 12x36 Diurno (Carro)'!E146:F146} -> 58460.6 | F4: 0 | G4: {='Vigilante 12x36 Diurno (Carro)'!H157:I157} -> 701527.2 | H4: 0
A5: 4 | B5: VIGILANTE HABILITADO (B) 12X36H - NOTURNO | C5: ='Vigilante 12x36 Noturno (Carro)'!D146 -> 4 | D5: ='Vigilante 12x36 Noturno (Carro)'!C146 -> 15438.52 | E5: {='Vigilante 12x36 Noturno (Carro)'!E146:F146} -> 61754.08 | F5: 0 | G5: {='Vigilante 12x36 Noturno (Carro)'!H157:I157} -> 741048.96 | H5: 0
A6: 5 | B6: VIGILANTE HABILITADO (A) 12X36H - DIURNO | C6: ='Vigilante 12x36 Diurno (Moto)'!D146 -> 4 | D6: ='Vigilante 12x36 Diurno (Moto)'!C146 -> 12227.47 | E6: {='Vigilante 12x36 Diurno (Moto)'!H146:I146} -> 48909.88 | F6: 0 | G6: {='Vigilante 12x36 Diurno (Moto)'!H157:I157} -> 586918.56 | H6: 0
A7: 6 | B7: VIGILANTE HABILITADO (A) 12X36H - NOTURNO | C7: ='Vigilante 12x36 Noturno (Moto)'!D146 -> 4 | D7: ='Vigilante 12x36 Noturno (Moto)'!C146 -> 13050.83 | E7: {='Vigilante 12x36 Noturno (Moto)'!H146:I146} -> 52203.32 | F7: 0 | G7: {='Vigilante 12x36 Noturno (Moto)'!H157:I157} -> 626439.84 | H7: 0
A8: 7 | B8: VIGILANTE RESPONSÁVEL EQUIP. ELETRÔNICO | C8: ='Vigilante Eqip. Eletronico dia'!D146 -> 2 | D8: ='Vigilante Eqip. Eletronico dia'!C146 -> 9425.45 | E8: {='Vigilante Eqip. Eletronico dia'!E146:F146} -> 18850.9 | F8: 0 | G8: {='Vigilante Eqip. Eletronico dia'!H157:I157} -> 226210.8 | H8: 0
A9: 8 | B9: VIGILANTE RESPONSÁVEL EQUIP. ELETRÔNICO | C9: ='Vigilante Eqip. Eletronico noit'!D146 -> 2 | D9: ='Vigilante Eqip. Eletronico noit'!C146 -> 10111.6 | E9: {='Vigilante Eqip. Eletronico noit'!H146:I146} -> 20223.2 | F9: 0 | G9: {='Vigilante Eqip. Eletronico noit'!H157:I157} -> 242678.4 | H9: 0
A10: 9 | B10: VIGILANTE COORDENADOR | C10: ='Vigilante Coordenador 44h'!D146 -> 2 | D10: ='Vigilante Coordenador 44h'!C146 -> 12954.49 | E10: {='Vigilante Coordenador 44h'!H146:I146} -> 25908.98 | F10: 0 | G10: {='Vigilante Coordenador 44h'!H157:I157} -> 310907.76 | H10: 0
A11: TOTAL | E11: =SUM(E2:E10) -> 481115.76 | G11: =SUM(G2:G10) -> 5773389.1
